 Dungeon Crawl Stone Soup version 0.20.1-1-g8b1a95d (webtiles) character file.

1419903 letownia2 the Conqueror (level 27, 218/218 HPs)
             Began as a Gargoyle Wizard on Jan 3, 2018.
             Was an Initiate of Gozag.
             Quit the game in the Vestibule of Hell on Jan 5, 2018.
             The game lasted 10:58:32 (142149 turns).

letownia2 the Conqueror (Gargoyle Wizard)         Turns: 142149, Time: 10:58:33

Health: 218/218    AC: 85    Str: 26    XL:     27
Magic:  54/54      EV: 14    Int: 23    God:    Gozag
Gold:   5336       SH: 10    Dex: 10    Spells: 6/80 levels left

rFire    + + +     SeeInvis +   b - +9 demon whip (vamp)
rCold    + + +     Gourm    .   S - +3 warlock's mirror {reflect}
rNeg     + + +     Faith    .   O - +14 crystal plate armour of Midwinter {rElec rC+ Slay+3}
rPois    ∞         Spirit   +   U - +0 helmet "Sisoutse" {+Blink rCorr}
rElec    +         Reflect  +   T - +2 cloak "Ublaiv" {MR+}
rCorr    +         Harm     .   G - +1 pair of gloves of the Valley of Death {rC+ Regen+}
MR       ++++.                  w - +2 pair of boots of the Assassin {Detection Stab+ Stlth++}
Stlth    +.........             A - amulet "Nooz" {Spirit +Blink rF++ Str+2 Int+4}
Regen    0.9/turn               y - ring "Urhoepuc" {rF+ MR+ Str+4 Dex+4 SInv}
MPRegen  0.4/turn               V - ring "Muenek" {rCorr rF++ rC++ MR-}

@: lich-form, flying, studying Unarmed Combat, deflect missiles
A: big wings, clumsy 2, mutation resistance 1, negative energy resistance 1,
robust 1, electricity resistance, weak 1, wild magic 1, unbreathing,
petrification resistance, rot immunity, AC +20
}: 12/15 runes: decaying, slimy, silver, golden, iron, obsidian, icy, bone,
abyssal, demonic, fiery, gossamer
a: Stop Flying, End Transformation, Potion Petition, Call Merchant, Bribe
Branch, Renounce Religion, Evoke Blink


You were in the Vestibule of Hell.
You worshipped Gozag.
Gozag was greatly pleased with you.
You were not hungry.
You were a lich.
You visited 18 branches of the dungeon, and saw 90 of its levels.
You visited Pandemonium 4 times, and saw 15 of its levels.
You visited the Abyss 12 times.
You visited 2 bazaars.
You completed 1 ziggurat, and saw 27 of its levels.
You also visited: Bailey, Ice Cave and Wizlab.

You collected 84374 gold pieces.
You spent 5836 gold pieces at shops.
You paid 73202 gold pieces to Gozag.

Inventory:

Hand Weapons
 a - a +7 demon whip of flaming
 b - a +9 vampiric demon whip (weapon)
 d - a +9 sacred scourge of holy wrath
 C - a +0 scimitar of distortion
 K - the +3 sling "Punk" {acid, rCorr}
   (You found it on level 23 of a ziggurat)

   It protects you from acid and corrosion.
Armour
 w - the +2 pair of boots of the Assassin (worn) {Detection Stab+ Stlth++}
   (You acquired it in the Vestibule of Hell)

   It makes you much more stealthy.
 G - the +1 pair of gloves of the Valley of Death (worn) {rC+ Regen+}
   (You bought it in a shop on level 2 of the Lair of Beasts)

   It protects you from cold.
   It increases your rate of regeneration.
 O - the +14 crystal plate armour of Midwinter (worn) {rElec rC+ Slay+3}
   (You bought it in a shop on level 2 of the Lair of Beasts)

   It affects your accuracy and damage with ranged weapons and melee attacks
   (+3).
   It protects you from cold.
   It insulates you from electricity.
 S - the +3 warlock's mirror (worn) {reflect}
   (You acquired it on level 15 of a ziggurat)
 T - the +2 cloak "Ublaiv" (worn) {MR+}
   (You found it in a wizard's laboratory)

   It affects your resistance to hostile enchantments.
 U - the +0 helmet "Sisoutse" (worn) {+Blink rCorr}
   (You acquired it on level 26 of a ziggurat)

   It lets you blink.
   It protects you from acid and corrosion.
Jewellery
 j - the brooch of Shielding {Reflect SH+8}
   (You found it on level 15 of the Dungeon)

   [amulet of reflection]

   It shields you and reflects attacks.
   It affects your SH (+8).
 k - a +6 ring of slaying
 v - the ring of Unoefio {rCorr rF- rC- Str+9 Stlth+}
   (You found it on level 19 of a ziggurat)

   [ring of resist corrosion]

   It affects your strength (+9).
   It makes you vulnerable to fire.
   It makes you vulnerable to cold.
   It makes you more stealthy.
 y - the ring "Urhoepuc" (left hand) {rF+ MR+ Str+4 Dex+4 SInv}
   (You found it on level 27 of a ziggurat)

   [ring of protection from fire]

   It affects your strength (+4).
   It affects your dexterity (+4).
   It protects you from fire.
   It affects your resistance to hostile enchantments.
   It lets you see invisible.
 A - the amulet "Nooz" (around neck) {Spirit +Blink rF++ Str+2 Int+4}
   (You took it off a deep elf elementalist on level 3 of the Elven Halls)

   [amulet of guardian spirit]

   It causes incoming damage to be split between your health and magic.
   It affects your strength (+2).
   It affects your intelligence (+4).
   It greatly protects you from fire.
   It lets you blink.
 J - the necklace of Bloodlust {*Rage +Rage MR++ Int-3 Slay+6 *Curse}
   (You found it on level 3 of the Elven Halls)

   [amulet of rage]

   It affects your intelligence (-3).
   It affects your accuracy and damage with ranged weapons and melee attacks
   (+6).
   It affects your resistance to hostile enchantments.
   It lets you go berserk.
   It may make you go berserk in combat.
   It curses itself when equipped.
 V - the ring "Muenek" (right hand) {rCorr rF++ rC++ MR-}
   (You found it in Pandemonium)

   [ring of resist corrosion]

   It greatly protects you from fire.
   It greatly protects you from cold.
   It affects your resistance to hostile enchantments.
 W - the ring of the Priest {+Blink +Fly rC+ rN+ Dex-4}
   (You found it on level 5 of the Abyss)

   [ring of flight]

   It affects your dexterity (-4).
   It protects you from cold.
   It protects you from negative energy.
   It lets you fly.
   It lets you blink.
Wands
 B - a wand of digging (15/24)
 N - a wand of clouds (1/9)
 Q - a wand of acid (6/15)
Scrolls
 i - 12 scrolls of identify
 l - 10 scrolls of recharging
 m - 2 scrolls of blinking
 p - 5 scrolls of torment
 t - 7 scrolls of teleportation
 u - 2 scrolls of immolation
 z - 10 scrolls of remove curse
 H - 7 scrolls of fog
 L - 11 scrolls of holy word
 R - 2 scrolls of summoning
Potions
 f - 8 potions of might
 g - 3 potions of haste
 h - 12 potions of heal wounds
 n - 10 potions of mutation
 o - 5 potions of invisibility
 q - 2 potions of ambrosia
 s - 6 potions of resistance
 x - 2 potions of berserk rage
 D - 6 potions of magic
 F - 11 potions of agility
 I - 33 potions of curing
 Z - 8 potions of brilliance
Books
 c - a manual of Unarmed Combat
 P - a book of Ice

   Spells                             Type                      Level
   a - Ice Form                       Ice/Transmutation            4
   b - Metabolic Englaciation         Hexes/Ice                    5
   c - Ozocubu's Refrigeration        Ice                          6
   d - Bolt of Cold                   Conjuration/Ice              6
   e - Freezing Cloud                 Conjuration/Ice/Air          6
   f - Simulacrum                     Ice/Necromancy               6
Miscellaneous
 E - 9 phantom mirrors
 M - a phial of floods
Comestibles
 r - 4 meat rations


   Skills:
 O Level 27 Fighting
   Level 14.1 Short Blades
   Level 3.1(12.3) Axes
 - Level 19.0(19.1) Maces & Flails
 O Level 27 Armour
 - Level 18.8 Dodging
 - Level 17.3 Stealth
 - Level 14.9 Shields
 + Level 0.0 Unarmed Combat
 O Level 27 Spellcasting
 - Level 5.3 Conjurations
 - Level 7.1 Hexes
 + Level 25.2 Charms
 - Level 4.7 Summonings
 O Level 27 Necromancy
 - Level 8.0 Translocations
 - Level 24.2 Transmutations
 - Level 3.6 Fire Magic
 - Level 11.0 Air Magic
 - Level 2.2 Poison Magic
 - Level 9.0 Evocations


You had 6 spell levels left.
You knew the following spells:

 Your Spells              Type           Power        Failure   Level  Hunger
a - Magic Dart            Conj           ####         1%          1    N/A
b - Blink                 Tloc           N/A          1%          2    N/A
c - Conjure Flame         Conj/Fire      ######..     5%          3    N/A
d - Dispel Undead         Necr           ########     1%          5    N/A
e - Mephitic Cloud        Conj/Pois/Air  ######..     3%          3    N/A
f - Inner Flame           Hex/Fire       ######..     3%          3    N/A
g - Regeneration          Chrm/Necr      ########..   1%          3    N/A
h - Ignite Poison         Fire/Tmut/Pois #######.     1%          3    N/A
i - Silence               Hex/Air        #######...   7%          5    N/A
j - Portal Projectile     Hex/Tloc       ######       1%          3    N/A
k - Throw Flame           Conj/Fire      ######       3%          2    N/A
l - Song of Slaying       Chrm           ########     1%          2    N/A
n - Necromutation         Tmut/Necr      ########..   5%          8    N/A
o - Ring of Flames        Chrm/Fire      #######...   21%         7    N/A
p - Poisonous Vapours     Pois/Air       ######       1%          2    N/A
r - Deflect Missiles      Chrm/Air       #######...   1%          6    N/A
s - Swiftness             Chrm/Air       #######.     1%          2    N/A
t - Shroud of Golubria    Chrm/Tloc      #######...   1%          2    N/A
x - Spectral Weapon       Hex/Chrm       #######.     1%          3    N/A
z - Summon Butterflies    Summ           ######..     1%          1    N/A
O - Death's Door          Chrm/Necr      ########..   4%          8    N/A

Dungeon Overview and Level Annotations

Branches:
Dungeon (15/15)            Temple (1/1) D:4            Lair (6/6) D:11
  Swamp (4/4) Lair:3       Spider (4/4) Lair:3        Slime (5/5) Lair:5
    Orc (2/2) D:12            Elf (3/3) Orc:2        Vaults (5/5) D:13
  Crypt (3/3) Vaults:3       Tomb (3/3) Crypt:3      Depths (5/5) D:15
   Hell (1/1)                 Dis (7/7) Hell            Geh (7/7) Hell
    Coc (7/7) Hell            Tar (7/7) Hell            Zot (5/5) Depths:5

Altars:
Cheibriados
Dithmenos
Elyvilon
Fedhas
Gozag
Hepliaklqana
Kikubaaqudgha
Makhleb
Nemelex Xobeh
Okawaru
Qazlal
Ru
Sif Muna
Trog
Uskayaw
Vehumet
Xom
Yredelemnul
Zin
The Shining One
Beogh
Jiyva

Shops:
D:7 :   D:9 (   D:11 [   D:12 (   Orc:1 }   Orc:2 :*?[(   Elf:3 [
Lair:2 [[=*[[*[(*   Vaults:4 [=   Vaults:5 ?   Hell %(*[*:[[=[[*(**
Depths:2 !   Depths:4 [   Depths:5 =

Portals:
Hell: Depths:1 Depths:2 Depths:3 Depths:4 Depths:5
Abyss: Depths:1 Depths:4
Pandemonium: Depths:1 Depths:3 Depths:5
Ziggurat: Hell

Annotations:
Elf:2 5 runed doors


Innate Abilities, Weirdness & Mutations

You are resistant to torment.
Your stone body is resilient. (AC +20)
You are immune to poison.
Your large and strong wings let you fly indefinitely.
You resist negative energy. (rN+)
You are resistant to electric shocks. (rElec)
You can survive without breathing.
You are immune to petrification.
You are immune to rotting.
You are very clumsy. (Dex -4)
You are somewhat resistant to further mutation.
You are robust. (+10% HP)
You are weak. (Str -2)
Your spells are a little harder to cast, but a little more powerful.


Message History

Your magical contamination has completely faded away.
You start resting.
Magic restored.
Unknown command.
Okay, then.
Evoke which item? (* to show all) (? for menu, Esc to quit)
Okay, then.
There is an entrance to Xuleen's Antique Armour Shop here.
Evoke which item? (* to show all) (? for menu, Esc to quit)
You set the figurine down, and a mystic portal to a ziggurat forms.
There is a gateway to a ziggurat here.
There is an entrance to Xuleen's Antique Armour Shop here.
Items here: " % ( ))))))))))))))))))) // ::::::: ==== ??? [[[[[[[[ || }}
Okay, then.
c - a manual of Unarmed Combat
There is an entrance to Xuleen's Antique Armour Shop here.
There is a gateway to a ziggurat here.
Okay, then.
Unknown command.
Are you sure you want to abandon this character and quit the game? (Confirm with "yes".)

..#≈..####..#.......#..####.....≈
..#.≈≈§##§..........}...##.....≈≈
..'..≈≈§.......................≈≈
..'..≈§§.§.....[∩.............≈≈≈
..'..≈≈§..)....[.∩............≈≈≈
..#.≈≈.##.....)∩∩∩∩.....##....≈≈≈
..#≈§.####..#∩∩∩)∩∩.#..####...≈≈≈
.##§≈## ##...∩∩∩∩....## ##..≈≈≈
##§§## ##....L.∩..## ##..≈≈ ≈§§##
##...#...## ##..≈ ≈§## ##.....##
##.≈ ≈## ##...## ##. ## ##...##
## # ##.....## # ##.......##
##.........## ##...........##


There were no monsters in sight!

Vanquished Creatures
  Cerebov (Pan)
  Asmodeus (Geh:7)
  Antaeus (Coc:7)
  the Royal Jelly (Slime:5)
  Ereshkigal (Tar:7)
  the Serpent of Hell (Geh:7)
  A seraph (Pan)
  Dispater (Dis:7)
  2 orbs of fire
  8 ancient liches
  Mara (Tomb:3)
  15 juggernauts
  19 pandemonium lords
  42 greater mummies
  14 shard shrikes
  5 Killer Klowns
  the Lernaean hydra (Swamp:4)
  Margery (Depths:2)
  2 curse toes
  Geryon (Hell)
  Jory (Depths:3)
  13 golden dragons
  A profane servitor (Abyss:5)
  2 pearl dragons (Pan)
  17 bone dragons
  38 Brimstone Fiends
  A hellephant (Abyss:5)
  6 doom hounds
  33 Tzitzimimeh
  8 iron giants
  4 electric golems (Zig:15)
  29 liches
  Jorgrun (Spider:4)
  21 Ice Fiends
  21 tentacled monstrosities
  16 Hell Sentinels
  3 Orb Guardians (Zot:5)
  12 quicksilver dragons
  14 titans
  6 deep elf master archers
  5 death cobs
  A deep elf blademaster (Elf:3)
  25 acid blobs
  8 eldritch tentacles
  17 ancient champions
  Donald (Crypt:1)
  A kraken (Abyss:4)
  2 thorn hunters
  13 Executioners
  25 tentacled starspawn
  10 sphinxes
  13 tengu reavers
  17 shadow dragons
  A revenant (Abyss:1)
  11 storm dragons
  11 azure jellies
  17 daevas (Pan)
  11 draconian knights
  7 draconian monks
  6 nagarajas
  14 iron dragons
  21 fire giants
  9 vault wardens
  11 orc warlords
  18 frost giants
  29 ghost moths
  7 draconian scorchers
  A ghost moth (shapeshifter) (Vaults:5)
  16 ghouls
  20 deep elf sorcerers
  36 cacodemons
  13 warmongers
  40 balrugs
  Aizul (Vaults:4)
  83 reapers
  7 emperor scorpions
  8 draconian shifters
  6 draconian annihilators
  3 curse skulls
  33 angels
  8 deep elf elementalists
  2 draconian stormcallers (Zot:2)
  3 spriggan defenders
  24 stone giants
  2 caustic shrike skeletons
  28 very ugly things
  4 elemental wellsprings (Coc:7)
  29 apis (Pan)
  13 ophanim
  7 war gargoyles
  21 ironheart preservers
  135 starcursed masses
  25 entropy weavers
  10 blood saints
  20 vampire knights
  10 green draconians
  8 deep elf demonologists
  18 bennus
  2 juggernaut skeletons
  12 yellow draconians
  13 deep elf annihilators
  15 spark wasps
  Azrael (D:14)
  7 corrupters
  The ghost of moscheto the Protected, a journeyman DsBe of Trog (Spider:2)
  4 black draconians
  17 black suns
  19 lorocyprocas
  30 purple draconians
  12 red draconians
  21 white draconians
  22 ettins
  6 eidola
  Snorg (Lair:4)
  24 green deaths
  10 deep elf death magi
  7 merfolk javelineers
  An ettin (shapeshifter) (Abyss:5)
  20 blizzard demons
  6 merfolk impalers
  31 mummy priests
  Josephine (D:13)
  11 fire dragons
  9 jiangshi
  20 great orbs of eyes
  6 death oozes (Slime:5)
  A kraken zombie (Hell)
  11 quicksilver dragon zombies
  9 deep elf high priests
  21 yaktaur captains
  29 ogre magi
  7 rakshasas
  3 naga warriors
  3 quicksilver dragon skeletons
  12 spriggan air magi
  32 hydras
  2 merfolk avatars
  10 ghost crabs
  38 ice dragons
  32 vault guards
  6 hell beasts
  74 two-headed ogres
  16 monstrous demonspawn
  A caustic shrike simulacrum (Zig:14)
  8 alligators
  3 anacondas (Zig:27)
  8 merfolk aquamancers
  A satyr (Zig:17)
  Erica (D:10)
  10 centaur warriors
  3 catoblepae
  A death knight (Crypt:1)
  15 deep troll shamans
  12 vampire magi
  29 death scarabs
  9 alligator snapping turtles
  16 deep troll earth magi
  3 spriggan berserkers
  A satyr (shapeshifter) (Vaults:5)
  A queen ant (shapeshifter) (Zig:13)
  6 tengu warriors
  73 thrashing horrors
  10 orc high priests
  2 shock serpents (Zig:15)
  11 titan zombies
  A shock serpent (shapeshifter) (Depths:1)
  35 hell hogs
  Urug (Orc:2)
  A naga sharpshooter (Zig:5)
  11 iron golems
  13 storm dragon zombies
  Sonja (D:15)
  149 skeletal warriors
  29 deep elf knights
  86 sun demons
  7 titan skeletons
  50 soul eaters
  37 hell knights
  26 iron trolls
  A salamander mystic (Zig:5)
  15 shadow wraiths
  10 spatial maelstroms
  21 wretched stars
  4 storm dragon skeletons
  37 sixfirhies
  An iron troll (shapeshifter) (Zig:13)
  A swamp dragon (shapeshifter) (Vaults:5)
  A death drake (Tar:7)
  A quicksilver dragon simulacrum (Coc:7)
  A ghost moth zombie (Coc:7)
  5 tengu zombies
  12 unseen horrors
  11 torturous demonspawn (Pan)
  46 deep trolls
  5 golden dragon zombies
  A spriggan druid (Swamp:4)
  13 swamp dragons
  3 sea snakes (Zig:17)
  18 gelid demonspawn (Pan)
  A glowing orange brain (shapeshifter) (Abyss:5)
  15 anaconda zombies
  2 shambling mangroves
  16 cherubim (Pan)
  28 deep elf archers
  15 glowing orange brains
  6 shadow dragon zombies
  38 shadow demons
  An obsidian statue (WizLab)
  39 phantasmal warriors
  A lindwurm (shapeshifter) (Vaults:5)
  27 flayed ghosts
  18 wizards
  19 necromancers
  A sphinx zombie (Vaults:1)
  11 infernal demonspawn (Pan)
  5 wolf spider zombies
  22 harpies
  9 anaconda skeletons
  18 orc knights
  20 ironbrand convokers
  57 wolf spiders
  A golden dragon skeleton (Tar:7)
  43 orb spiders
  2 tengu skeletons
  47 ugly things
  7 stone giant zombies
  2 mana vipers (shapeshifter)
  84 deep elf magi
  2 shadow dragon skeletons
  7 iron dragon zombies
  4 fauns (Zig:17)
  A harpy (shapeshifter) (Zig:12)
  A cyclops (shapeshifter) (Elf:1)
  16 oklob plants
  5 shining eyes
  A faun (shapeshifter) (Elf:2)
  A wolf spider (shapeshifter) (Abyss:3)
  13 cyclopes
  10 iron dragon skeletons
  2 sphinx skeletons
  40 moths of wrath
  15 orc sorcerers
  9 manticores
  8 stone giant skeletons
  4 elephants (Lair:5)
  7 apocalypse crabs
  4 merfolk sirens (Zig:17)
  7 fire giant skeletons
  9 frost giant skeletons
  7 worldbinders
  14 fire giant zombies
  2 guardian serpents (shapeshifter)
  6 ice statues
  14 frost giant zombies
  49 rust devils
  2 titan simulacra
  6 naga magi
  4 dire elephant zombies
  8 guardian serpents
  6 centaur zombies
  2 black mambas (shapeshifter)
  6 black mambas
  A water nymph (Zig:17)
  9 molten gargoyles
  3 shock serpent zombies
  2 eyes of devastation
  11 vault sentinels
  106 smoke demons
  A catoblepas zombie (Geh:6)
  11 torpor snails
  2 shock serpent skeletons
  51 orange demons
  An emperor scorpion zombie (Dis:7)
  6 gargoyles
  A white draconian zombie (Abyss:4)
  2 yaktaur zombies
  A komodo dragon (shapeshifter) (D:13)
  20 spiny frogs
  66 hellions
  6 komodo dragons
  34 freezing wraiths
  4 rime drakes
  2 dire elephant skeletons (Tar:7)
  66 yaktaurs
  A kobold demonologist (Abyss:5)
  13 efreet
  41 demonic crawlers
  2 yaktaurs (shapeshifter)
  A centaur skeleton (D:11)
  18 hellwings
  A golden dragon simulacrum (Zig:14)
  2 anaconda simulacra
  19 hydra zombies
  3 silent spectres
  27 ancient zymes
  3 catoblepas skeletons
  52 guardian mummies
  45 ice devils
  78 tormentors
  45 red devils
  7 harpy zombies
  13 merfolk
  A pale draconian skeleton (Crypt:1)
  24 trolls
  2 tengu conjurers
  62 jumping spiders
  2 minotaur skeletons
  4 polar bears (Lair:6)
  3 meliai (Spider:4)
  A tyrant leech (shapeshifter) (Abyss:5)
  2 merfolk (shapeshifter)
  38 hornets
  4 tyrant leeches
  Grinder (D:3)
  2 shadow dragon simulacra (Zig:14)
  A sphinx simulacrum (Vaults:3)
  A hornet (shapeshifter) (Vaults:4)
  12 hydra skeletons
  48 raiju
  2 hippogriffs (shapeshifter)
  6 harpy skeletons
  A frost giant simulacrum (Zig:14)
  6 hippogriffs
  2 human simulacra (Vaults:1)
  31 blink frogs
  8 dream sheep
  8 fire dragon zombies
  116 slime creatures
  12 bog bodies
  6 ice dragon zombies
  7 alligator zombies
  2 wind drakes (Zig:17)
  15 ettin zombies
  A dream sheep (shapeshifter) (Zig:24)
  4 snapping turtles
  2 black mamba zombies
  A fire giant simulacrum (Zig:8)
  A spriggan (shapeshifter) (Vaults:3)
  4 ettin skeletons
  196 flying skulls
  Sigmund (D:6)
  17 air elementals
  An ice dragon skeleton (Geh:5)
  106 redbacks
  A dire elephant simulacrum (IceCv)
  68 shadows
  A wind drake zombie (Crypt:2)
  71 yaks
  25 spriggans
  8 fire dragon skeletons
  A wyvern (shapeshifter) (Vaults:1)
  3 wyverns
  60 ynoxinuls
  5 alligator skeletons
  15 ushabtiu
  26 water elementals
  7 vampires
  63 wraiths
  50 tarantellas
  4 black mamba skeletons
  A yak (shapeshifter) (Elf:2)
  2 fire bats (Abyss:3)
  A wind drake skeleton (Crypt:2)
  5 basilisks
  24 neqoxecs
  39 fire elementals
  13 golden eyes (Abyss:5)
  26 small abominations
  6 wargs
  2 steam dragons (Lair:3)
  27 vampire mosquitoes
  46 chaos spawn
  A naga (shapeshifter) (Vaults:1)
  A torturous demonspawn zombie (Dis:2)
  3 hungry ghosts
  2 harpy simulacra (IceCv)
  10 spatial vortices
  12 insubstantial wisps
  A soldier ant (shapeshifter) (Vaults:4)
  17 swamp worms
  Duvessa (D:4)
  An acid dragon (shapeshifter) (Zig:13)
  4 iron troll simulacra (IceCv)
  A merfolk zombie (Dis:7)
  4 nagas
  3 spiny frog zombies
  7 hydra simulacra
  3 floating eyes (Depths:5)
  12 water moccasins
  4 acid dragons
  6 porcupines
  60 hell hounds
  3 sky beasts
  15 swamp drakes
  74 orc warriors
  19 ice beasts
  An infernal demonspawn skeleton (Crypt:2)
  85 large abominations
  2 ettin simulacra
  11 phantoms
  9 black bears
  4 spiny frog skeletons
  2 manticore zombies
  5 snapping turtle zombies
  2 fire dragon simulacra
  16 eyes of draining
  A merfolk skeleton (Geh:7)
  A hornet zombie (D:9)
  22 boggarts
  4 swamp dragon skeletons
  A black bear (shapeshifter) (Vaults:4)
  6 swamp dragon zombies
  59 ogres
  39 wolves
  21 centaurs
  17 necrophages
  2 manticore skeletons
  3 snapping turtle skeletons
  15 crocodiles
  4 big kobolds
  A big kobold (shapeshifter) (Abyss:5)
  A salamander zombie (Crypt:1)
  3 elf zombies
  2 yaktaur skeletons (Vaults:1)
  17 bullfrogs
  An elf simulacrum (Vaults:1)
  A hippogriff skeleton (Crypt:2)
  2 elf skeletons
  4 earth elementals
  A wyvern zombie (D:10)
  A komodo dragon skeleton (Crypt:2)
  3 human skeletons
  A spiny frog simulacrum (Coc:6)
  Dowan (D:4)
  4 scorpions
  94 wights
  6 killer bees (D:12)
  A spriggan skeleton (Coc:4)
  3 electric eels
  An orc simulacrum (Vaults:2)
  2 spriggan zombies
  5 howler monkeys
  3 vampire bats (Lair:1)
  24 crimson imps
  A bullfrog zombie (D:12)
  5 quasits
  A soldier ant zombie (Crypt:2)
  A black bear zombie (Crypt:1)
  7 human zombies
  27 orc priests
  7 hounds
  3 jellies
  38 iron imps
  5 iguanas
  7 hell rats (Hell)
  26 orc wizards
  Natasha (thrice) (D:4)
  14 worker ants
  A naga zombie (Tar:7)
  2 crocodile zombies
  An ogre zombie (Tar:7)
  A naga skeleton (Geh:1)
  A hound skeleton (D:11)
  66 mummies
  2 howler monkey zombies
  A worker ant zombie (D:8)
  A howler monkey skeleton (Crypt:2)
  16 gnolls
  13 adders
  3 river rats (Lair:3)
  18 shadow imps
  8 white imps
  An ufetubus (Abyss:4)
  3 oozes
  An adder zombie (Crypt:2)
  2 adder skeletons
  2 worms
  3 dart slugs
  4 leopard geckos
  113 orcs
  3 ball pythons
  A bat skeleton (Crypt:1)
  4 giant cockroaches
  8 goblins
  6 hobgoblins
  4 jackals
  20 kobolds
  6 quokkas
  12 bats
  A frilled lizard (shapeshifter) (Zig:13)
  4 frilled lizards
  A giant cockroach zombie (D:6)
  3 goblin skeletons (D:9)
  2 goblin zombies (D:9)
  8 hobgoblin zombies (D:9)
  A jackal skeleton (D:7)
  A kobold simulacrum (Abyss:4)
  3 kobold skeletons
  2 kobold zombies
  A quokka zombie (D:5)
  9 rats
  A briar patch (Swamp:1)
  2 bushes (Lair:6)
  A butterfly (Lair:1)
  2 fire vortices
  2 fungi
  2 lurking horrors
  8 plants
  A spectral weapon (Coc:7)
  23 starspawn tentacles
  6 tentacles
7146 creatures vanquished.

Vanquished Creatures (collateral kills)
  A lich (Tomb:2)
  2 orb spiders (Spider:4)
  3 wolf spiders
  A tarantella (Spider:4)
7 creatures vanquished.

Vanquished Creatures (others)
  A tentacled monstrosity (Zot:4)
  A sphinx (Depths:3)
  6 eldritch tentacles
  A fire giant (Depths:2)
  2 draconian knights
  An ironheart preserver (Vaults:1)
  A yellow draconian (Depths:5)
  A purple draconian (Zot:1)
  A yaktaur captain (Vaults:5)
  3 hydras (Zig:11)
  A centaur warrior (Vaults:4)
  19 dancing weapons
  A death scarab (Tomb:2)
  A deep elf knight (Elf:2)
  An orc high priest (Zig:16)
  3 hell hogs
  2 large abominations (Abyss:5)
  2 sixfirhies (Pan)
  A ghost moth zombie (Tomb:2)
  A spriggan druid (Zig:11)
  A flayed ghost (Geh:7)
  3 skeletal warriors (Tomb:2)
  An ugly thing (Zig:13)
  4 deep elf magi
  A wolf spider (Zig:10)
  A manticore (shapeshifter) (Zig:10)
  2 smoke demons (Pan)
  2 hellions (Geh:7)
  4 yaktaurs
  An anaconda simulacrum (Abyss:5)
  A guardian mummy (Tomb:2)
  2 jumping spiders
  A merfolk (Zig:17)
  A hornet (Zig:11)
  A bog body (Coc:7)
  9 flying skulls
  2 air elementals
  A shadow (Geh:1)
  3 redbacks
  2 water elementals (Depths:4)
  A spriggan (Zig:11)
  A tarantella (Spider:1)
  2 wraiths
  5 golden eyes (Abyss:5)
  A chaos spawn (Pan)
  A spiny frog zombie (Coc:7)
  A necrophage (Zig:6)
  A swamp drake (Zig:27)
  2 ogres
  2 centaurs
  6 small abominations
  5 wights
  A centaur zombie (Tomb:2)
  A starcursed mass (Abyss:5)
  2 iron imps (Dis:2)
  An orc wizard (Orc:2)
  An iguana (D:12)
  A shadow imp (Tar:7)
  2 ball lightnings
  A kobold skeleton (Geh:7)
  A kobold zombie (Geh:3)
  3 briar patches (Swamp:1)
  A fire vortex (Geh:7)
  6 fungi
  3 lurking horrors
  13 plants
  191 spectral weapons
  52 starspawn tentacles
  8 tentacles
  2 withered plants (Crypt:3)
411 creatures vanquished.

Grand Total: 7564 creatures vanquished

Notes
Turn   | Place    | Note
-------+----------+-------------------------------------------
     0 | D:1      | letownia2 the Gargoyle Wizard began the quest for the Orb.
     0 | D:1      | Reached XP level 1. HP: 10/10 MP: 4/4
   112 | D:1      | You fall through a shaft!
   272 | D:3      | Noticed an orc priest
   272 | D:3      | Noticed an orc wizard
   295 | D:1      | Reached XP level 2. HP: 11/15 MP: 0/6
   444 | D:2      | Reached XP level 3. HP: 18/19 MP: 0/7
   713 | D:3      | Learned a level 3 spell: Mephitic Cloud
   717 | D:3      | Learned a level 3 spell: Conjure Flame
   752 | D:3      | Reached XP level 4. HP: 24/24 MP: 4/8
  1070 | D:3      | Reached skill level 1 in Fire Magic
  1143 | D:3      | Reached skill level 1 in Air Magic
  1143 | D:3      | Reached skill level 1 in Poison Magic
  1243 | D:3      | Reached XP level 5. HP: 27/28 MP: 4/9
  1406 | D:3      | Noticed Grinder
  1777 | D:3      | Paralysed by Grinder for 7 turns
  2060 | D:3      | Found an iron altar of Okawaru.
  2429 | D:4      | Reached XP level 6. HP: 27/33 MP: 2/10
  2441 | D:4      | Reached skill level 1 in Fighting
  2604 | D:4      | Noticed Duvessa
  2605 | D:4      | Noticed Dowan
  2658 | D:4      | Killed Dowan
  2681 | D:4      | Found a staircase to the Ecumenical Temple.
  2688 | Temple   | Entered the Ecumenical Temple
  2809 | Temple   | Became a worshipper of Gozag Ym Sagoz the Greedy
  2855 | D:4      | Learned a level 2 spell: Blink
  2863 | D:4      | Killed Duvessa
  2863 | D:4      | Reached XP level 7. HP: 32/41 MP: 7/12
  3062 | D:4      | Noticed Natasha
  3072 | D:4      | Killed Natasha
  3150 | D:4      | Noticed Natasha
  3156 | D:4      | Killed Natasha
  3161 | D:4      | Noticed Natasha
  3174 | D:4      | Killed Natasha
  3175 | D:4      | Got a brightly glowing war axe
  3193 | D:4      | Reached skill level 5 in Spellcasting
  3196 | D:4      | Identified the +12 war axe of Virtue {elec, rElec rPois Int+3} (You found it on level 4 of the Dungeon)
  3272 | D:4      | Found a glowing silver altar of Zin.
  3272 | D:4      | Noticed an angel
  3550 | D:4      | Reached XP level 8. HP: 46/46 MP: 12/16
  3743 | D:3      | Killed Grinder
  4320 | D:2      | Found a faded altar of an unknown god.
  5126 | D:5      | Entered Level 5 of the Dungeon
  5623 | D:5      | Found a hide-covered altar of Uskayaw.
  5785 | D:5      | Reached XP level 9. HP: 46/51 MP: 21/21
  5946 | D:5      | Found a deep blue altar of Sif Muna.
  6202 | D:6      | Noticed Sigmund
  6209 | D:6      | Killed Sigmund
  6234 | D:6      | Found a sparkling altar of Nemelex Xobeh.
  6282 | D:6      | Found a radiant altar of Vehumet.
  6418 | D:6      | Found a bloodstained altar of Trog.
  6433 | D:6      | Reached skill level 1 in Armour
  7120 | D:7      | Reached skill level 1 in Axes
  7131 | D:7      | Found a shadowy altar of Dithmenos.
  7355 | D:7      | Reached skill level 5 in Armour
  7394 | D:7      | Found an ancient bone altar of Kikubaaqudgha.
  7525 | D:7      | Found Aloidoest's Book Shoppe.
  7657 | D:7      | Reached XP level 10. HP: 56/56 MP: 23/23
  7813 | D:8      | Found a radiant altar of Vehumet.
  7816 | D:8      | Reached skill level 1 in Translocations
  7891 | D:8      | Noticed a two-headed ogre
  7932 | D:8      | Killed a two-headed ogre
  8141 | D:8      | Found a blossoming altar of Fedhas.
  8276 | D:9      | Found a burning altar of Makhleb.
  8311 | D:9      | Found a glowing golden altar of the Shining One.
  8451 | D:9      | Reached skill level 5 in Fighting
  8471 | D:9      | Noticed a two-headed hydra
  8483 | D:9      | Killed a one-headed hydra
  8878 | D:9      | Reached XP level 11. HP: 66/66 MP: 22/24
  9022 | D:10     | Entered Level 10 of the Dungeon
  9033 | D:10     | Reached skill level 1 in Evocations
  9070 | D:10     | Noticed Erica
  9207 | D:10     | Killed Erica
  9518 | D:10     | Killed an unseen horror
  9532 | D:10     | Got a shimmering leather armour
  9589 | D:10     | Identified the +2 leather armour "Hargh" {Regen+} (You found it on level 10 of the Dungeon)
 10054 | D:11     | Found a transporter.
 10080 | D:11     | Found a staircase to the Lair.
 10171 | D:11     | Found a flagged portal.
 10383 | D:11     | Killed an unseen horror
 10437 | Bailey   | Entered a bailey
 10533 | Bailey   | Noticed an orc warlord
 10696 | Bailey   | Found a runed gate.
 10698 | Bailey   | Found a runed gate.
 10700 | Bailey   | Found a runed gate.
 10915 | Bailey   | Killed an orc warlord
 10915 | Bailey   | Reached skill level 10 in Fighting
 11703 | D:11     | Noticed a two-headed ogre
 11704 | D:11     | Noticed a cyclops
 11730 | D:11     | Noticed a cyclops
 11757 | D:11     | Killed a cyclops
 11757 | D:11     | Reached XP level 12. HP: 43/80 MP: 19/25
 11902 | Lair:1   | Entered Level 1 of the Lair of Beasts
 12330 | Lair:2   | Got a translucent halberd
 12331 | Lair:2   | Identified the +4 halberd "Qabempeph" {flame, Int+5} (You found it on level 2 of the Lair of Beasts)
 12768 | Lair:1   | Noticed a four-headed hydra
 12776 | Lair:1   | Killed a two-headed hydra
 13014 | Lair:1   | Got a heavily runed ring mail
 13025 | Lair:1   | Identified the +2 ring mail of Death Resistance {+Blink rElec rN++ Dex+4} (You found it on level 1 of the Lair of Beasts)
 13658 | Lair:3   | Reached XP level 13. HP: 91/91 MP: 20/26
 13661 | Lair:3   | Reached skill level 10 in Armour
 13668 | Lair:3   | Reached skill level 10 in Spellcasting
 13731 | Lair:3   | Found a hole to the Spider Nest.
 13901 | Lair:3   | Found a staircase to the Swamp.
 13922 | Lair:3   | Reached skill level 15 in Fighting
 14564 | Lair:4   | Noticed Snorg
 14583 | Lair:4   | Killed Snorg
 15189 | Lair:5   | Got a crude ivory ring
 15192 | Lair:5   | Identified the ring "Qiwek" {Dex+5 SInv} (You found it on level 5 of the Lair of Beasts)
 15506 | Lair:5   | Learned a level 1 spell: Summon Butterflies
 15513 | Lair:5   | Learned a level 3 spell: Inner Flame
 15560 | Lair:5   | Learned a level 2 spell: Throw Flame
 16145 | D:11     | Noticed an ogre mage
 16378 | D:12     | Found a staircase to the Orcish Mines.
 16415 | D:12     | Found a roughly hewn altar of Beogh.
 16551 | D:12     | Gained mutation: Your large and strong wings let you fly indefinitely. [Gargoyle growth]
 16551 | D:12     | Reached XP level 14. HP: 71/99 MP: 17/28
 16843 | D:12     | Found a blossoming altar of Fedhas.
 16880 | D:12     | Found Lanei's Weapon Shop.
 17053 | Orc:1    | Entered Level 1 of the Orcish Mines
 17251 | Orc:2    | Entered Level 2 of the Orcish Mines
 17332 | Orc:2    | Found a staircase to the Elven Halls.
 17379 | Orc:1    | Noticed an orc warlord
 18929 | D:13     | Found a gate to the Vaults.
 19070 | D:13     | Noticed Josephine
 19086 | D:13     | Killed Josephine
 19154 | D:13     | Reached XP level 15. HP: 69/107 MP: 17/29
 19850 | Orc:1    | Killed an orc warlord
 19850 | Orc:1    | Reached skill level 15 in Armour
 20012 | Orc:1    | Found Mawiegala's Gadget Shop.
 20313 | Orc:2    | Noticed an orc warlord
 20357 | Orc:2    | Killed an orc warlord
 20532 | Orc:2    | Noticed Urug
 20553 | Orc:2    | Killed Urug
 20972 | Orc:2    | Found a roughly hewn altar of Beogh.
 21010 | Orc:2    | Found Suureock's Antique Weapon Emporium.
 21082 | Orc:2    | Found Cetoczuo's Magic Scroll Shop.
 21123 | Orc:2    | Found Mogiupul's General Store.
 21194 | Orc:2    | Found Fyempic's Book Emporium.
 21210 | Orc:2    | Found Esathaf's Antique Armour Emporium.
 21419 | Lair:2   | Bought a coppery potion for 18 gold pieces
 21422 | Lair:2   | Reached XP level 16. HP: 115/115 MP: 30/30
 21424 | Lair:2   | Bought the +14 crystal plate armour of Midwinter {rElec rC+ Slay+3} for 2254 gold pieces
 21497 | Lair:6   | Entered Level 6 of the Lair of Beasts
 22346 | Lair:6   | Got a scorched shortbow
 22347 | Lair:6   | Identified the +5 shortbow "Demonbane" {velocity, rF+ Dex+4 Stlth+} (You found it on level 6 of the Lair of Beasts)
 22904 | Spider:1 | Entered Level 1 of the Spider Nest
 23446 | D:14     | Noticed Azrael
 23480 | D:14     | Killed Azrael
 23616 | D:14     | Reached XP level 17. HP: 114/122 MP: 31/31
 23695 | D:14     | Found a hazy altar of Hepliaklqana.
 23827 | D:15     | Entered Level 15 of the Dungeon
 24135 | D:15     | Noticed Sonja
 24140 | D:15     | Killed Sonja
 24419 | D:15     | Found a staircase to the Depths.
 24753 | D:15     | Reached skill level 5 in Conjurations
 24890 | D:15     | Identified a scroll of acquirement {BAILEY}
 25048 | D:11     | Found a roughly hewn altar of Beogh.
 25113 | D:11     | Identified the Collected Works on Ignition and Dislocation
 25116 | D:11     | Found a transporter.
 25198 | D:11     | Reached skill level 1 in Summonings
 25376 | Spider:1 | Reached skill level 1 in Hexes
 26444 | Spider:2 | Got a polished scimitar
 26492 | Spider:2 | Noticed moscheto's ghost (journeyman DsBe)
 26577 | Spider:2 | Killed moscheto's ghost
 26727 | Spider:2 | Found a frozen archway.
 26744 | IceCv    | Entered an ice cave
 26858 | IceCv    | Reached skill level 5 in Air Magic
 27584 | IceCv    | Reached XP level 18. HP: 123/128 MP: 10/33
 27745 | IceCv    | Identified the cursed +0 scimitar of Xyitril {flame, rElec Int+4 Dex+2} (You found it on level 2 of the Spider Nest)
 27775 | IceCv    | Got an ichor-stained hand axe
 27778 | IceCv    | Identified the +4 hand axe "Jysusame" {drain, *Corrode Fragile rElec SInv} (You found it in an ice cave)
 28550 | Orc:2    | Bought a manual of Short Blades for 1545 gold pieces
 28798 | Spider:2 | Reached skill level 1 in Short Blades
 29227 | Spider:3 | Reached skill level 5 in Short Blades
 29934 | Spider:4 | Entered Level 4 of the Spider Nest
 30082 | Spider:4 | Noticed Jorgrun
 30096 | Spider:4 | Killed Jorgrun
 30204 | Spider:4 | Reached skill level 10 in Short Blades
 30872 | Spider:4 | Learned a level 3 spell: Ignite Poison
 31437 | Spider:4 | Got a gossamer rune of Zot
 31863 | Elf:1    | Entered Level 1 of the Elven Halls
 31970 | Elf:1    | Reached XP level 19. HP: 123/134 MP: 34/34
 32138 | Elf:1    | Found a flickering gateway to a bazaar.
 32546 | Bazaar   | Entered a bazaar
 32546 | Bazaar   | Found Cybec's Magic Scroll Shoppe.
 32546 | Bazaar   | Found Atussip's Magic Scroll Emporium.
 32564 | Bazaar   | Bought a scroll of acquirement for 832 gold pieces
 32599 | Elf:1    | Got a dazzling buckler
 32605 | Elf:1    | Identified the +2 buckler of Okawaru's Supremacy {rElec rPois rCorr Dex-3} (You acquired it on level 1 of the Elven Halls)
 32700 | Elf:1    | Reached skill level 1 in Shields
 33024 | Elf:2    | Found a magical portal.
 33198 | WizLab   | Entered The Roulette of Golubria
 33198 | WizLab   | Found a transporter.
 33201 | WizLab   | Found a corrupted altar of Lugonu.
 33219 | WizLab   | Found a transporter.
 33263 | WizLab   | Found a transporter.
 33266 | WizLab   | Found a corrupted altar of Lugonu.
 33271 | WizLab   | Found a transporter.
 33334 | WizLab   | Found a transporter.
 33426 | WizLab   | Found a transporter.
 33469 | WizLab   | Found a transporter.
 33499 | WizLab   | Found a transporter.
 33543 | WizLab   | Found a transporter.
 33640 | WizLab   | Found a corrupted altar of Lugonu.
 33749 | WizLab   | Found a transporter.
 33749 | WizLab   | Found a transporter.
 33806 | WizLab   | Found a transporter.
 33806 | WizLab   | Found a transporter.
 33989 | WizLab   | Found a transporter.
 33989 | WizLab   | Found a transporter.
 34035 | WizLab   | Found a transporter.
 34035 | WizLab   | Found a transporter.
 34082 | WizLab   | Found a transporter.
 34142 | WizLab   | Found a transporter.
 34146 | WizLab   | Paralysed by an eldritch tentacle for 2 turns
 34533 | WizLab   | Got a slimy cloak
 34535 | WizLab   | Got a heavily runed cloak
 34546 | WizLab   | Identified the +2 cloak "Ublaiv" {MR+} (You found it in a wizard's laboratory)
 34556 | WizLab   | Identified the cursed +0 cloak of the Burgomaster {Int+5} (You found it in a wizard's laboratory)
 34568 | WizLab   | Got a smoking cloak
 34583 | WizLab   | Identified the cursed -2 cloak of the Mind {rN+ SInv} (You found it in a wizard's laboratory)
 34603 | WizLab   | Learned a level 3 spell: Portal Projectile
 34643 | WizLab   | Found a transporter.
 34980 | Elf:2    | Reached skill level 5 in Translocations
 35258 | Elf:2    | Found a huge runed gate.
 35259 | Elf:2    | Found a huge runed gate.
 35261 | Elf:2    | Found a huge runed gate.
 35261 | Elf:2    | Found a huge runed gate.
 35261 | Elf:2    | Found a huge runed gate.
 35486 | Elf:3    | Entered Level 3 of the Elven Halls
 36019 | Elf:3    | Found Zechax's Armour Shop.
 36529 | Elf:3    | Reached XP level 20. HP: 139/142 MP: 33/35
 36568 | Elf:3    | Reached skill level 5 in Dodging
 37823 | Elf:3    | Got a warped granite ring
 37841 | Elf:3    | Identified the ring "Hogufilo" {rPois Dex+2 Stlth+} (You found it on level 3 of the Elven Halls)
 37844 | Elf:3    | Got an ancient copper ring
 37845 | Elf:3    | Identified the ring of the Thirteen Mice {Str+9 Stlth+} (You found it on level 3 of the Elven Halls)
 37870 | Elf:3    | Got a smoking hand axe
 37891 | Elf:3    | Identified the +4 hand axe "Zoet" {holy, +Inv rF- rN++ SInv} (You found it on level 3 of the Elven Halls)
 37960 | Elf:3    | Got a pitted tin ring
 37962 | Elf:3    | Identified the ring of Syndicalism {rF- Str+6 Int+2 Dex+7} (You found it on level 3 of the Elven Halls)
 38043 | Elf:3    | Got an ancient jade amulet
 38064 | Elf:3    | Identified the amulet "Nooz" {Spirit +Blink rF++ Str+2 Int+4} (You took it off a deep elf elementalist on level 3 of the Elven Halls)
 38722 | Elf:3    | Got an ichor-stained dagger
 38723 | Elf:3    | Identified the cursed +2 dagger of Power {pierce, rC+ MP+9} (You found it on level 3 of the Elven Halls)
 39061 | Swamp:1  | Entered Level 1 of the Swamp
 39349 | Swamp:1  | Learned a level 2 spell: Song of Slaying
 39353 | Swamp:1  | Learned a level 3 spell: Spectral Weapon
 39357 | Swamp:1  | Learned a level 3 spell: Regeneration
 39360 | Swamp:1  | Learned a level 2 spell: Shroud of Golubria
 40339 | Swamp:2  | Reached XP level 21. HP: 147/147 MP: 36/38
 41306 | Swamp:4  | Entered Level 4 of the Swamp
 41919 | Swamp:4  | Noticed the 27-headed Lernaean hydra
 41935 | Swamp:4  | Killed the 27-headed Lernaean hydra
 42086 | Swamp:4  | Got a decaying rune of Zot
 42457 | Lair:2   | Got a wavering lead ring
 42459 | Lair:2   | Identified the ring "Henguiqa" {rF- MP+9 Str+4 Stlth+} (You found it on level 2 of the Lair of Beasts)
 42656 | Vaults:1 | Entered Level 1 of the Vaults
 43392 | Vaults:1 | Found a radiant altar of Vehumet.
 43439 | Vaults:1 | Got a transparent hat
 43450 | Vaults:1 | Identified the cursed +0 hat of the Purple Skies {Str+4} (You found it on level 1 of the Vaults)
 43732 | Vaults:1 | Reached skill level 15 in Spellcasting
 44024 | Vaults:1 | Found a sacrificial altar of Ru.
 44150 | Vaults:1 | Reached XP level 22. HP: 155/155 MP: 41/41
 44770 | Vaults:2 | Reached skill level 1 in Charms
 44774 | Vaults:2 | Reached skill level 1 in Necromancy
 45631 | Vaults:2 | Got a distressingly furry cloak
 45642 | Vaults:2 | Identified the cursed +0 cloak of Patterns {rN+ Str+2 Slay-4 SInv} (You found it on level 2 of the Vaults)
 45761 | Vaults:2 | Reached skill level 5 in Charms
 46243 | Vaults:3 | Reached skill level 5 in Stealth
 46414 | Vaults:3 | Found a hazy altar of Hepliaklqana.
 46541 | Vaults:3 | Learned a level 2 spell: Poisonous Vapours
 47212 | Vaults:3 | Reached XP level 23. HP: 152/160 MP: 40/42
 47249 | Vaults:3 | Found a staircase to the Crypt.
 47249 | Vaults:3 | Found a basalt altar of Yredelemnul.
 47250 | Vaults:3 | Found an ancient bone altar of Kikubaaqudgha.
 47732 | Vaults:4 | Noticed Aizul
 47754 | Vaults:4 | Killed Aizul
 48676 | Vaults:4 | Reached skill level 10 in Dodging
 49089 | Crypt:1  | Entered Level 1 of the Crypt
 49467 | Lair:2   | Got a pair of ichor-stained boots
 49479 | Lair:2   | Identified the +0 pair of boots "Waqelut" {rF+++ rC- Str-2 SInv} (You acquired it on level 2 of the Lair of Beasts)
 50119 | Crypt:1  | Noticed Donald
 50144 | Crypt:1  | Killed Donald
 51678 | Crypt:3  | Entered Level 3 of the Crypt
 51704 | Crypt:3  | Reached XP level 24. HP: 168/168 MP: 43/43
 53206 | Crypt:3  | Got an ichor-stained falchion
 53207 | Crypt:3  | Identified the +4 falchion "Hoaklel" {slice, rElec rPois rF+++ Int-5} (You found it on level 3 of the Crypt)
 53365 | Crypt:3  | Found a staircase to the Tomb.
 53377 | Crypt:3  | Paralysed by a lich for 5 turns
 53508 | Crypt:3  | Found an ancient bone altar of Kikubaaqudgha.
 53540 | Crypt:3  | Noticed an ancient lich
 53576 | Crypt:3  | Killed an ancient lich
 53612 | Crypt:3  | Noticed an ancient lich
 53637 | Crypt:3  | Killed an ancient lich
 53685 | Crypt:3  | Learned a level 5 spell: Silence
 53692 | Crypt:3  | Learned a level 6 spell: Deflect Missiles
 54273 | Lair:5   | Found a staircase to the Slime Pits.
 54572 | Slime:1  | Entered Level 1 of the Pits of Slime
 54904 | Depths:1 | Entered Level 1 of the Depths
 54904 | Depths:1 | Found a one-way gate leading to the halls of Pandemonium.
 54904 | Depths:1 | Found a huge runed gate.
 54904 | Depths:1 | Found a huge runed gate.
 54904 | Depths:1 | Found a huge runed gate.
 54904 | Depths:1 | Found a huge runed gate.
 54904 | Depths:1 | Found a huge runed gate.
 54904 | Depths:1 | Found a huge runed gate.
 54904 | Depths:1 | Found a huge runed gate.
 54904 | Depths:1 | Found a huge runed gate.
 54923 | Depths:1 | Found a huge runed gate.
 54933 | Depths:1 | Found a huge runed gate.
 54938 | Depths:1 | Found a huge runed gate.
 54958 | Depths:1 | Found a huge runed gate.
 54963 | Depths:1 | Found a huge runed gate.
 54984 | Depths:1 | Found a huge runed gate.
 55045 | Depths:1 | Paralysed by an ogre mage for 4 turns
 55056 | Depths:1 | Found a gateway to Hell.
 55229 | Depths:1 | Found a one-way gate to the infinite horrors of the Abyss.
 55297 | Depths:1 | Found a gateway to a bazaar.
 55560 | Depths:1 | Found a huge runed gate.
 55560 | Depths:1 | Found a huge runed gate.
 55560 | Depths:1 | Found a huge runed gate.
 55560 | Depths:1 | Found a huge runed gate.
 55560 | Depths:1 | Found a huge runed gate.
 55560 | Depths:1 | Found a huge runed gate.
 55560 | Depths:1 | Found a huge runed gate.
 55560 | Depths:1 | Found a huge runed gate.
 55577 | Depths:1 | Found a huge runed gate.
 55577 | Depths:1 | Found a huge runed gate.
 55577 | Depths:1 | Found a huge runed gate.
 55577 | Depths:1 | Found a huge runed gate.
 55577 | Depths:1 | Found a huge runed gate.
 55577 | Depths:1 | Found a huge runed gate.
 55654 | Depths:1 | Found a huge runed gate.
 55655 | Depths:1 | Found a huge runed gate.
 55656 | Depths:1 | Found a huge runed gate.
 55664 | Depths:1 | Found a huge runed gate.
 55664 | Depths:1 | Found a huge runed gate.
 55700 | Depths:1 | Found a huge runed gate.
 55701 | Depths:1 | Found a huge runed gate.
 55841 | Depths:1 | Reached XP level 25. HP: 172/175 MP: 44/44
 56017 | Hell     | Entered the Vestibule of Hell
 56017 | Hell     | Noticed Geryon
 56342 | Hell     | Gained mutation: You are dopey. (Int -2) [a cacodemon]
 56349 | Depths:1 | Gained mutation: You expend magic power (3 MP) to strengthen your wands. [a cacodemon]
 56379 | Depths:1 | Lost mutation: You are dopey. (Int -2) [potion of mutation]
 56379 | Depths:1 | Lost mutation: You expend magic power (3 MP) to strengthen your wands. [potion of mutation]
 56379 | Depths:1 | Gained mutation: Your muscles are strong. (Str +2) [potion of mutation]
 56379 | Depths:1 | Lost mutation: Your muscles are strong. (Str +2) [potion of mutation]
 56379 | Depths:1 | Gained mutation: Your mind is acute. (Int +2) [potion of mutation]
 56379 | Depths:1 | Gained mutation: You have a pair of small antennae on your head. [potion of mutation]
 57352 | Depths:2 | Found Gycacias's Distillery.
 57491 | Hell     | Killed Geryon
 57655 | Hell     | Found a gateway to the freezing wastes of Cocytus.
 57735 | Hell     | Gained mutation: Your body sometimes deteriorates upon taking damage. [a cacodemon]
 57739 | Hell     | Gained mutation: Your magical capacity is low. (-10% MP) [a cacodemon]
 57773 | Hell     | Lost mutation: Your mind is acute. (Int +2) [potion of mutation]
 57773 | Hell     | Lost mutation: Your body sometimes deteriorates upon taking damage. [potion of mutation]
 57773 | Hell     | Lost mutation: Your magical capacity is low. (-10% MP) [potion of mutation]
 57773 | Hell     | Lost mutation: You have a pair of small antennae on your head. [potion of mutation]
 57773 | Hell     | Gained mutation: You are weak. (Str -2) [potion of mutation]
 57773 | Hell     | Gained mutation: You are covered in fur. (AC +1) [potion of mutation]
 58057 | Hell     | Found a gateway to the decaying netherworld of Tartarus.
 58230 | Hell     | Found a gateway to the ashen valley of Gehenna.
 58526 | Depths:2 | Reached XP level 26. HP: 164/183 MP: 40/45
 58546 | Depths:2 | Noticed Margery
 58565 | Depths:2 | Killed Margery
 59188 | Hell     | Found a gateway to the Iron City of Dis.
 59519 | Depths:3 | Found a sparkling altar of Nemelex Xobeh.
 60591 | Depths:3 | Noticed Jory
 60627 | Depths:3 | Killed Jory
 61018 | Depths:3 | Got a pair of encrusted boots
 61029 | Depths:3 | Identified the +2 pair of boots of Pleasant Breezes {Str+4 Dex+3} (You found it on level 3 of the Depths)
 61697 | Depths:4 | Found a gateway to a ziggurat.
 61775 | Depths:4 | Reached skill level 5 in Hexes
 61809 | Depths:4 | Reached skill level 10 in Air Magic
 61830 | Depths:4 | Identified the Compendium of Earth and Calling
 61840 | Depths:4 | Found a deep blue altar of Sif Muna.
 62481 | Depths:4 | Noticed an ancient lich
 62504 | Depths:4 | Killed an ancient lich
 62504 | Depths:4 | Reached XP level 27. HP: 190/190 MP: 42/45
 62552 | Depths:4 | Identified the Papyrus of Protection and the Entourage
 62556 | Depths:4 | Learned a level 2 spell: Swiftness
 62592 | Depths:4 | Identified the Catalogue of Warped Shape Shifting
 62594 | Depths:4 | Identified the Catalogue of Feathers
 62767 | Depths:5 | Entered Level 5 of the Depths
 62840 | Depths:5 | Found Kahal's Jewellery Shop.
 63255 | Depths:5 | Reached skill level 10 in Charms
 63338 | Depths:5 | Cast into level 3 of the Abyss (a lich)
 63740 | Abyss:3  | Got an abyssal rune of Zot
 63830 | Depths:5 | Escaped the Abyss
 63830 | Depths:5 | Paralysed by a floating eye for 2 turns
 63851 | Depths:5 | Paralysed by a floating eye for 3 turns
 63875 | Depths:5 | Reached skill level 5 in Necromancy
 63932 | Depths:5 | Got a brightly glowing iron ring
 64316 | Depths:5 | Found a runed door.
 64316 | Depths:5 | Found a runed door.
 64372 | Depths:5 | Found a runed door.
 64372 | Depths:5 | Found a runed door.
 64468 | Depths:5 | Found a runed door.
 64476 | Depths:5 | Found a runed door.
 64646 | Depths:5 | Found a gate to the Realm of Zot.
 64990 | Hell     | Identified the ring "Axzoimoo" {rElec Str+3 Stlth+} (You found it on level 5 of the Depths)
 65684 | Vaults:4 | Found Fupt's Jewellery Shoppe.
 65885 | Vaults:4 | Found Giaco's Armour Boutique.
 65907 | Vaults:5 | Entered Level 5 of the Vaults
 67313 | Vaults:5 | Found Limnyar's Magic Scroll Shoppe.
 67657 | Vaults:5 | Identified the Catalogue of Feathery Contamination
 67661 | Vaults:5 | Identified Penym's Volume of the Fiery Voyage
 67669 | Vaults:5 | Identified the Handbook of Fiery Companions
 67945 | Vaults:5 | Got a translucent sapphire amulet
 68048 | Vaults:5 | Got a silver rune of Zot
 68063 | Vaults:5 | Identified the amulet "Vothiapp" {rPois Regen+ Dex+5} (You found it on level 5 of the Vaults)
 68865 | Tomb:1   | Entered Level 1 of the Tomb of the Ancients
 69499 | Tomb:1   | Noticed a greater mummy
 69595 | Tomb:1   | Killed a greater mummy
 69823 | Tomb:1   | Noticed a greater mummy
 69863 | Tomb:1   | Killed a greater mummy
 70165 | Tomb:1   | Noticed a greater mummy
 70244 | Tomb:1   | Killed a greater mummy
 71141 | Slime:1  | Gained mutation: Armour fits poorly on your strangely shaped body. [a shining eye]
 71237 | Slime:1  | Lost mutation: You are weak. (Str -2) [potion of mutation]
 71237 | Slime:1  | Lost mutation: Armour fits poorly on your strangely shaped body. [potion of mutation]
 71237 | Slime:1  | Lost mutation: You are covered in fur. (AC +1) [potion of mutation]
 71237 | Slime:1  | Gained mutation: You are covered in fur. (AC +1) [potion of mutation]
 71237 | Slime:1  | Gained mutation: You are agile. (Dex +2) [potion of mutation]
 71237 | Slime:1  | Gained mutation: You can translocate small distances at will. [potion of mutation]
 71615 | Slime:5  | Entered Level 5 of the Pits of Slime
 72608 | Slime:5  | Noticed the Royal Jelly
 72655 | Slime:5  | Found a viscous altar of Jiyva.
 72705 | Slime:5  | Killed the Royal Jelly
 72736 | Slime:5  | Got a glittering tin ring
 72766 | Slime:5  | Got a slimy rune of Zot
 72806 | Slime:5  | Identified the Compendium of the Compass and Attacks
 72832 | Slime:5  | Identified the ring "Paloss Qeli" {+Inv AC+4 Str+5 Dex-5} (You found it on level 5 of the Pits of Slime)
 72841 | Slime:5  | Got a polished short sword
 72842 | Slime:5  | Identified the +7 short sword "Loqefod" {pierce, *Drain rC+ Dex+10} (You found it on level 5 of the Pits of Slime)
 72853 | Slime:5  | Identified the Almanac of Darkness
 73823 | Geh:1    | Entered Level 1 of Gehenna
 74014 | Geh:1    | Reached skill level 10 in Necromancy
 74514 | Geh:2    | Reached skill level 1 in Maces & Flails
 75818 | Geh:7    | Entered Level 7 of Gehenna
 76845 | Geh:7    | Reached skill level 10 in Stealth
 77147 | Geh:7    | Noticed the Serpent of Hell
 77685 | Geh:7    | Identified the Reference Book on Aerial Stones
 77972 | Geh:7    | Killed the Serpent of Hell
 78132 | Geh:7    | Got a crystal battleaxe
 78161 | Geh:7    | Identified the Compendium of the Entourage and the Blaze
 78316 | Geh:7    | Noticed Asmodeus
 78393 | Hell     | Identified the +4 battleaxe of Sloth {chop, rPois rN+ Str+2} (You found it on level 7 of Gehenna)
 79131 | Tomb:2   | Noticed a greater mummy
 79136 | Tomb:2   | Noticed a greater mummy
 79152 | Tomb:2   | Noticed a greater mummy
 79157 | Tomb:2   | Killed a greater mummy
 79292 | Tomb:2   | Killed a greater mummy
 79292 | Tomb:2   | Reached skill level 27 in Fighting
 79320 | Tomb:1   | Killed a greater mummy
 79456 | Tomb:2   | Noticed a greater mummy
 79565 | Tomb:2   | Killed a greater mummy
 79639 | Tomb:2   | Noticed a greater mummy
 79670 | Tomb:2   | Killed a greater mummy
 80273 | Tomb:1   | Noticed a greater mummy
 80276 | Tomb:1   | Noticed a greater mummy
 80276 | Tomb:1   | Noticed a greater mummy
 80287 | Tomb:1   | Noticed a greater mummy
 80289 | Tomb:1   | Noticed a greater mummy
 80303 | Tomb:1   | Killed a greater mummy
 80313 | Tomb:1   | Killed a greater mummy
 80325 | Tomb:1   | Killed a greater mummy
 80342 | Tomb:1   | Killed a greater mummy
 80342 | Tomb:1   | Reached skill level 5 in Shields
 80359 | Tomb:1   | Killed a greater mummy
 80417 | Tomb:1   | Noticed a greater mummy
 80426 | Tomb:1   | Noticed a greater mummy
 80437 | Tomb:1   | Killed a greater mummy
 80449 | Tomb:1   | Killed a greater mummy
 80495 | Tomb:1   | Noticed a greater mummy
 80517 | Tomb:1   | Killed a greater mummy
 80572 | Tomb:1   | Noticed a greater mummy
 80588 | Tomb:1   | Killed a greater mummy
 80648 | Tomb:1   | Noticed a greater mummy
 80663 | Tomb:1   | Noticed a greater mummy
 80665 | Tomb:1   | Noticed a greater mummy
 80860 | Tomb:1   | Killed a greater mummy
 80913 | Tomb:1   | Killed a greater mummy
 80969 | Tomb:1   | Killed a greater mummy
 81029 | Tomb:1   | Noticed a greater mummy
 81029 | Tomb:1   | Noticed a greater mummy
 81044 | Tomb:1   | Killed a greater mummy
 81061 | Tomb:1   | Killed a greater mummy
 81377 | Tomb:3   | Entered Level 3 of the Tomb of the Ancients
 81396 | Tomb:3   | Noticed Mara
 81400 | Tomb:3   | Noticed a greater mummy
 81459 | Tomb:3   | Noticed letownia2's illusion
 81669 | Tomb:3   | Noticed a greater mummy
 81673 | Tomb:3   | Noticed a greater mummy
 81772 | Tomb:2   | Killed a greater mummy
 81896 | Tomb:3   | Noticed letownia2's illusion
 82004 | Tomb:3   | Noticed a greater mummy
 82234 | Tomb:3   | Killed a greater mummy
 82349 | Tomb:3   | Noticed a greater mummy
 82387 | Tomb:3   | Killed a greater mummy
 82388 | Tomb:3   | Noticed a greater mummy
 82404 | Tomb:3   | Killed a greater mummy
 82414 | Tomb:3   | Killed a greater mummy
 82472 | Tomb:3   | Killed Mara
 82502 | Tomb:3   | Killed a greater mummy
 82526 | Tomb:3   | Noticed an ancient lich
 82566 | Tomb:3   | Killed an ancient lich
 82625 | Tomb:3   | Got a brightly glowing glass ring
 82676 | Tomb:3   | Identified the ring "Vuisazo" {+Blink rN++ MR+ Int-4} (You found it on level 3 of the Tomb of the Ancients)
 82684 | Tomb:3   | Got an ancient pewter amulet
 82686 | Tomb:3   | Identified the amulet "Yleshi" {Inacc rPois MR- Str+5} (You found it on level 3 of the Tomb of the Ancients)
 82696 | Tomb:3   | Identified the Handbook of Poisoning and the Voyage
 82701 | Tomb:3   | Got a crystal triple crossbow
 82725 | Tomb:3   | Identified the cursed +1 triple crossbow "Ivu Beas" {velocity, rC- MP+9 Int+3 Dex+5} (You found it on level 3 of the Tomb of the Ancients)
 82750 | Tomb:3   | Noticed a greater mummy
 82766 | Tomb:3   | Killed a greater mummy
 82903 | Tomb:3   | Reached skill level 10 in Shields
 83157 | Tomb:3   | Got a golden rune of Zot
 83235 | Tomb:3   | Got a slimy battleaxe
 83244 | Tomb:3   | Identified the +7 battleaxe of Flawed Execution {freeze, Str-4 Dex+4 SInv Stlth+} (You found it on level 3 of the Tomb of the Ancients)
 83820 | Tar:1    | Entered Level 1 of Tartarus
 83874 | Tar:1    | Reached skill level 1 in Transmutations
 84425 | Tar:2    | You are sucked into a shaft!
 84614 | Tar:3    | Reached skill level 5 in Evocations
 85058 | Tar:5    | Reached skill level 5 in Transmutations
 85890 | Tar:7    | Entered Level 7 of Tartarus
 86077 | Tar:7    | Noticed an ancient lich
 86105 | Tar:7    | Killed an ancient lich
 86278 | Tar:7    | Noticed an ancient lich
 86301 | Tar:7    | Killed an ancient lich
 86673 | Tar:7    | Identified the Compendium of Unholy Transformation
 86980 | Tar:7    | Noticed Ereshkigal
 87023 | Tar:7    | Got a bone rune of Zot
 87526 | Tar:7    | Gained mutation: Your magical capacity is low. (-10% MP) [a cacodemon]
 88212 | Tar:7    | Got a smoking pewter ring
 88214 | Tar:7    | Identified the Collected Works on Shape Shifting
 88217 | Tar:7    | Identified the ring "Qanaem" {rElec rC- rN+++ Str+4 Int+3} (You found it on level 7 of Tartarus)
 88336 | Tar:7    | Reached skill level 15 in Necromancy
 88829 | Tar:7    | Killed Ereshkigal
 89129 | Zot:1    | Entered Level 1 of the Realm of Zot
 90172 | Zot:2    | Noticed an orb of fire
 90616 | Zot:2    | Gained mutation: You expend magic power (3 MP) to strengthen your wands. [an orb of fire]
 90617 | Zot:2    | Gained mutation: You are partially covered in yellow scales. (AC +2) [an orb of fire]
 90618 | Zot:2    | Gained mutation: You tend to lose your temper in combat. [an orb of fire]
 90643 | Zot:2    | Gained mutation: You are frail. (-10% HP) [an orb of fire]
 90646 | Zot:2    | Killed an orb of fire
 90709 | Zot:1    | Lost mutation: You are frail. (-10% HP) [potion of mutation]
 90709 | Zot:1    | Lost mutation: Your magical capacity is low. (-10% MP) [potion of mutation]
 90709 | Zot:1    | Lost mutation: You are agile. (Dex +2) [potion of mutation]
 90709 | Zot:1    | Lost mutation: You tend to lose your temper in combat. [potion of mutation]
 90709 | Zot:1    | Lost mutation: You expend magic power (3 MP) to strengthen your wands. [potion of mutation]
 90709 | Zot:1    | Lost mutation: You can translocate small distances at will. [potion of mutation]
 90709 | Zot:1    | Lost mutation: You are partially covered in yellow scales. (AC +2) [potion of mutation]
 90709 | Zot:1    | Gained mutation: You have sharp toenails. [potion of mutation]
 90709 | Zot:1    | Gained mutation: You do not regenerate when monsters are visible. [potion of mutation]
 90709 | Zot:1    | Gained mutation: Your flesh is heat resistant. (rF+) [potion of mutation]
 90922 | Hell     | Lost mutation: You have sharp toenails. [potion of mutation]
 90922 | Hell     | Gained mutation: You have large cloven feet. [potion of mutation]
 90922 | Hell     | Gained mutation: You are robust. (+10% HP) [potion of mutation]
 90951 | Dis:1    | Entered Level 1 of the Iron City of Dis
 94358 | Vaults:2 | Reached skill level 5 in Maces & Flails
 95013 | Coc:1    | Entered Level 1 of Cocytus
 95290 | Coc:2    | Lost mutation: You are covered in fur. (AC +1) [potion of mutation]
 95290 | Coc:2    | Lost mutation: You have large cloven feet. [potion of mutation]
 95290 | Coc:2    | Lost mutation: You are robust. (+10% HP) [potion of mutation]
 95290 | Coc:2    | Lost mutation: You do not regenerate when monsters are visible. [potion of mutation]
 95290 | Coc:2    | Gained mutation: You expend magic power (3 MP) to strengthen your wands. [potion of mutation]
 95290 | Coc:2    | Gained mutation: You are weak. (Str -2) [potion of mutation]
 95290 | Coc:2    | Gained mutation: You are partially covered in rugged brown scales. (AC +1, +3% HP) [potion of mutation]
 95290 | Coc:2    | Lost mutation: You are weak. (Str -2) [potion of mutation]
 95852 | Coc:4    | Reached skill level 10 in Maces & Flails
 96294 | Lair:2   | Bought the +1 pair of gloves of the Valley of Death {rC+ Regen+} for 399 gold pieces
 97166 | Coc:7    | Entered Level 7 of Cocytus
 97235 | Coc:7    | Reached skill level 27 in Armour
 98124 | Coc:7    | Reached skill level 15 in Dodging
 98465 | Coc:7    | Noticed Antaeus
 98840 | Coc:7    | Killed Antaeus
 98846 | Coc:7    | Got a scorched lajatang {pain}
 98886 | Coc:7    | Got an icy rune of Zot
 98900 | Coc:7    | Learned a level 8 spell: Necromutation
 98909 | Coc:7    | Learned a level 8 spell: Death's Door
 99069 | Hell     | Identified the +5 lajatang of Expedience {pain, rElec rN+++ Str+7 Dex-4} (You took it off Antaeus on level 7 of Cocytus)
101052 | Geh:7    | Killed Asmodeus
101113 | Geh:7    | Got an obsidian rune of Zot
101363 | Hell     | Learned a level 5 spell: Dispel Undead
101454 | Depths:3 | Reached skill level 10 in Transmutations
103610 | Zot:4    | Noticed an orb of fire
103611 | Zot:4    | Lost mutation: You expend magic power (3 MP) to strengthen your wands. [an orb of fire]
103616 | Zot:4    | Gained mutation: You tend to lose your temper in combat. [an orb of fire]
103659 | Zot:4    | Killed an orb of fire
103977 | Zot:5    | Entered Level 5 of the Realm of Zot
104308 | Depths:1 | Voluntarily entered the Abyss.
104509 | Abyss:3  | Found a corrupted altar of Lugonu.
104703 | Abyss:3  | Paralysed by accursed screaming for 1 turns
104938 | Abyss:3  | Found a corrupted altar of Lugonu.
105133 | Abyss:4  | Gained mutation: You expend magic power (3 MP) to strengthen your wands. [a cacodemon]
105262 | Abyss:4  | Reached skill level 15 in Transmutations
105401 | Abyss:5  | Entered Level 5 of the Abyss
105609 | Abyss:5  | Paralysed by accursed screaming for 2 turns
105922 | Abyss:5  | Paralysed by accursed screaming for 1 turns
105998 | Depths:1 | Escaped the Abyss
106055 | Bazaar   | Entered a bazaar
106059 | Bazaar   | Found Aschoicu's Food Shop.
106137 | Bazaar   | Found Ysushuus's Magic Scroll Boutique.
106147 | Bazaar   | Found Ibres's Antique Armour Shop.
106299 | Hell     | Lost mutation: You are partially covered in rugged brown scales. (AC +1, +3% HP) [potion of mutation]
106299 | Hell     | Lost mutation: Your flesh is heat resistant. (rF+) [potion of mutation]
106299 | Hell     | Lost mutation: You tend to lose your temper in combat. [potion of mutation]
106299 | Hell     | Lost mutation: You expend magic power (3 MP) to strengthen your wands. [potion of mutation]
106299 | Hell     | Gained mutation: You are partially covered in iridescent scales. (AC +2) [potion of mutation]
106299 | Hell     | Gained mutation: You are frail. (-10% HP) [potion of mutation]
106299 | Hell     | Gained mutation: You are agile. (Dex +2) [potion of mutation]
108052 | Pan      | Entered Pandemonium
108130 | Pan      | Got a slimy tin ring
108141 | Pan      | Identified the cursed ring of Hucoloce {EV-3 Str+4 Dex+2 Slay-5} (You found it in Pandemonium)
108236 | Pan      | Gained mutation: You are occasionally teleported next to monsters. [a cacodemon]
108389 | Pan      | Found an exit through the horrors of the Abyss.
108393 | Pan      | Gained mutation: Scrolls take you a little longer to read. [a cacodemon]
108624 | Pan      | Noticed Woli the pandemonium lord
108689 | Pan      | Killed Woli the pandemonium lord
109079 | Pan      | Noticed Voleoqim the pandemonium lord
109108 | Pan      | Killed Voleoqim the pandemonium lord
109212 | Pan      | Got a smoking bone ring
109240 | Pan      | Identified the ring "Muthow" {rElec rPois rC+ SInv Stlth-} (You found it in Pandemonium)
109320 | Pan      | Found an exit through the horrors of the Abyss.
110380 | Pan      | Found a white marble altar of Elyvilon.
111073 | Pan      | Found a glowing silver altar of Zin.
112457 | Pan      | Got a pair of faintly glowing gloves
112468 | Pan      | Identified the +1 pair of gloves of Impatience {rPois rF- rN+} (You found it in Pandemonium)
112530 | Pan      | Identified the ring "Wikhloi" {rPois Str-5 Int+4 SInv Stlth-} (You took it off an angel in Pandemonium)
112676 | Pan      | Noticed a seraph
112713 | Pan      | Killed a seraph
112892 | Pan      | Found a glowing golden altar of the Shining One.
112902 | Pan      | Got a demonic rune of Zot
113421 | Depths:1 | Escaped Pandemonium
113526 | Pan      | Entered Pandemonium
113936 | Pan      | Found an exit through the horrors of the Abyss.
113969 | Pan      | Found a runed door.
114276 | Pan      | Reached skill level 15 in Charms
114374 | Pan      | Noticed Heffumysie the pandemonium lord
114395 | Pan      | Killed Heffumysie the pandemonium lord
114538 | Pan      | Found an exit through the horrors of the Abyss.
114630 | Pan      | Found a runed door.
114630 | Pan      | Noticed Mohetwom the pandemonium lord
115412 | Pan      | Killed Mohetwom the pandemonium lord
115979 | Pan      | Found an exit through the horrors of the Abyss.
116009 | Pan      | Noticed Vivvat the pandemonium lord
116030 | Pan      | Killed Vivvat the pandemonium lord
116761 | Pan      | Took an exit into the Abyss.
116761 | Abyss:1  | Escaped into the Abyss
116952 | Abyss:1  | Paralysed by accursed screaming for 2 turns
116965 | Depths:3 | Escaped the Abyss
117111 | Pan      | Entered Pandemonium
117114 | Pan      | Found an exit through the horrors of the Abyss.
117143 | Pan      | Noticed Ehaugaus the pandemonium lord
117165 | Pan      | Killed Ehaugaus the pandemonium lord
117277 | Pan      | Lost mutation: You are frail. (-10% HP) [potion of mutation]
117277 | Pan      | Lost mutation: You are agile. (Dex +2) [potion of mutation]
117277 | Pan      | Lost mutation: Scrolls take you a little longer to read. [potion of mutation]
117277 | Pan      | Gained mutation: You expend magic power (3 MP) to strengthen your wands. [potion of mutation]
117277 | Pan      | Lost mutation: You are partially covered in iridescent scales. (AC +2) [potion of mutation]
117277 | Pan      | Gained mutation: You have sharp toenails. [potion of mutation]
117297 | Pan      | Lost mutation: You are occasionally teleported next to monsters. [potion of mutation]
117297 | Pan      | Lost mutation: You have sharp toenails. [potion of mutation]
117297 | Pan      | Lost mutation: You expend magic power (3 MP) to strengthen your wands. [potion of mutation]
117297 | Pan      | Gained mutation: Your muscles are strong. (Str +2) [potion of mutation]
117297 | Pan      | Gained mutation: You have a pair of small horns on your head. [potion of mutation]
117808 | Pan      | Found an exit through the horrors of the Abyss.
117976 | Pan      | Noticed Kaezxos the pandemonium lord
118061 | Pan      | Killed Kaezxos the pandemonium lord
118437 | Pan      | Got a jewelled hat
118448 | Pan      | Identified the +1 hat "Noel" {rF+ rN+ Int-2 Stlth+} (You acquired it in Pandemonium)
118695 | Pan      | Noticed Etrad the pandemonium lord
118706 | Pan      | Killed Etrad the pandemonium lord
118804 | Pan      | Found an exit through the horrors of the Abyss.
119432 | Pan      | Entered the realm of Cerebov.
119642 | Pan      | Cast into level 3 of the Abyss (reaper)
119659 | Pan      | Escaped the Abyss
119665 | Pan      | Got a vibrating bone ring
119691 | Pan      | Identified the ring "Muenek" {rCorr rF++ rC++ MR-} (You found it in Pandemonium)
119838 | Pan      | Found an exit through the horrors of the Abyss.
119997 | Pan      | Got a smoking battleaxe {chop}
120139 | Pan      | Got an iridescent broad axe {antimagic}
120143 | Pan      | Noticed Cerebov
120168 | Pan      | Killed Cerebov
120233 | Pan      | Got a fiery rune of Zot
120254 | Pan      | Identified Biemaqus's Guide on Talismans and Poison
120265 | Pan      | Identified the +3 broad axe of Henuemep {antimagic, rC+ rN+ Dex+2} (You took it off an efreet in Pandemonium)
120267 | Pan      | Identified the +5 battleaxe of Excruciating Pain {chop, Str+4} (You took it off a balrug in Pandemonium)
120282 | Pan      | Learned a level 7 spell: Ring of Flames
120475 | Pan      | Took an exit into the Abyss.
120475 | Abyss:1  | Escaped into the Abyss
120475 | Abyss:1  | Found a corrupted altar of Lugonu.
120554 | Depths:3 | Escaped the Abyss
120640 | Hell     | Bought a pair of distressingly furry gloves for 427 gold pieces
120650 | Hell     | Identified the cursed +0 pair of gloves "Hoezypaoc" {rC+ MR+ Str+6 Slay-3} (You bought it in a shop in the Vestibule of Hell)
120722 | Pan      | Entered Pandemonium
120789 | Pan      | Found an exit through the horrors of the Abyss.
121789 | Pan      | Noticed Duipol the pandemonium lord
121822 | Pan      | Killed Duipol the pandemonium lord
122175 | Pan      | Found an exit through the horrors of the Abyss.
122245 | Pan      | Noticed Beilyon the pandemonium lord
122267 | Pan      | Killed Beilyon the pandemonium lord
122928 | Pan      | Got a sparkling platinum ring
122997 | Pan      | Noticed Ixkivvum the pandemonium lord
123017 | Pan      | Killed Ixkivvum the pandemonium lord
123218 | Pan      | Found an exit through the horrors of the Abyss.
123652 | Pan      | Identified the ring "Vuf Qiu" {Fire *Contam Int+9 Stlth+} (You took it off a balrug in Pandemonium)
124270 | Pan      | Noticed Ekluben the pandemonium lord
124271 | Pan      | Found an exit through the horrors of the Abyss.
124285 | Pan      | Killed Ekluben the pandemonium lord
125965 | Pan      | Found an exit through the horrors of the Abyss.
126282 | Pan      | Identified the Collected Works on Frigorific Sinister Secrets
126304 | Depths:3 | Escaped Pandemonium
126942 | Dis:5    | Cast into level 2 of the Abyss (hell knight)
126961 | Dis:5    | Escaped the Abyss
127473 | Dis:7    | Entered Level 7 of the Iron City of Dis
128280 | Dis:7    | Identified the Reference Book on the Ashen Oath
130264 | Dis:7    | Noticed Dispater
130306 | Dis:7    | Killed Dispater
130379 | Dis:7    | Got an iron rune of Zot
130699 | Depths:4 | Voluntarily entered the Abyss.
130729 | Abyss:1  | Found a deep blue altar of Sif Muna.
130975 | Depths:4 | Escaped the Abyss
130984 | Depths:4 | Bought a faintly humming cloak for 361 gold pieces
130984 | Depths:4 | Identified the cursed +0 cloak "Plog" {rN+} (You bought it in a shop on level 4 of the Depths)
131536 | Zig:1    | Entered Level 1 of a ziggurat
131564 | Zig:2    | Entered Level 2 of a ziggurat
131597 | Zig:3    | Entered Level 3 of a ziggurat
131625 | Zig:3    | Identified the Guide on Warped Shape Shifting
131638 | Zig:4    | Entered Level 4 of a ziggurat
131705 | Zig:5    | Entered Level 5 of a ziggurat
131778 | Zig:5    | Identified Dassat's Catalogue of Blistering Changing
131796 | Zig:6    | Entered Level 6 of a ziggurat
131902 | Zig:6    | Got a brightly glowing shield
131904 | Zig:6    | Identified the cursed +0 shield of the Undertaker {rElec rPois Int-4} (You found it on level 6 of a ziggurat)
131907 | Zig:7    | Entered Level 7 of a ziggurat
132040 | Zig:8    | Entered Level 8 of a ziggurat
132223 | Zig:9    | Entered Level 9 of a ziggurat
132229 | Zig:9    | Noticed Lallopp the pandemonium lord
132277 | Zig:9    | Paralysed by a floating eye for 4 turns
132347 | Zig:9    | Killed Lallopp the pandemonium lord
132373 | Zig:9    | Identified The Papyrus of Greatest Risks and Utility
132513 | Zig:10   | Entered Level 10 of a ziggurat
132547 | Zig:10   | Noticed an ancient lich
132548 | Zig:10   | Noticed an ancient lich
132572 | Zig:10   | Killed an ancient lich
132580 | Zig:10   | Killed an ancient lich
132659 | Zig:10   | Reached skill level 27 in Spellcasting
132664 | Zig:10   | Lost mutation: Your muscles are strong. (Str +2) [potion of mutation]
132664 | Zig:10   | Lost mutation: You have a pair of small horns on your head. [potion of mutation]
132664 | Zig:10   | Gained mutation: You passively map a small area around you. [potion of mutation]
132664 | Zig:10   | Gained mutation: You possess an exceptional clarity of mind. [potion of mutation]
132700 | Zig:11   | Entered Level 11 of a ziggurat
132808 | Zig:11   | Got a warped pewter ring
132812 | Zig:11   | Got a shimmering quick blade
132814 | Zig:11   | Identified the +8 quick blade "Goblinbane" {drain, Int+8 Dex+3} (You found it on level 11 of a ziggurat)
132816 | Zig:11   | Identified the ring of Awe {*Corrode +Fly rPois MR+ Int+3} (You found it on level 11 of a ziggurat)
132832 | Zig:12   | Entered Level 12 of a ziggurat
132993 | Zig:12   | Reached skill level 15 in Maces & Flails
132995 | Zig:12   | Got a warped ivory ring
132996 | Zig:12   | Identified the ring "Miuxuxu" {Dex+2 Stlth-} (You found it on level 12 of a ziggurat)
133018 | Zig:13   | Entered Level 13 of a ziggurat
133025 | Zig:13   | Noticed Icui the pandemonium lord
133025 | Zig:13   | Noticed Xowaph the pandemonium lord
133027 | Zig:13   | Noticed Viliapse the pandemonium lord
133029 | Zig:13   | Noticed Riojybrewna the pandemonium lord
133030 | Zig:13   | Noticed Yvuok the pandemonium lord
133063 | Zig:13   | Paralysed by Viliapse for 7 turns
133072 | Zig:13   | Killed Yvuok the pandemonium lord
133105 | Zig:13   | Cast into level 5 of the Abyss (a distortion unwield)
133105 | Abyss:5  | Entered Level 5 of the Abyss
133115 | Abyss:5  | Gained mutation: Potions are less effective at restoring your health. [mutagenic glow]
133356 | Abyss:5  | Paralysed by accursed screaming for 1 turns
133587 | Abyss:5  | Paralysed by you for 4 turns
133701 | Zig:13   | Escaped the Abyss
133782 | Zig:13   | Killed Riojybrewna the pandemonium lord
133825 | Zig:13   | Killed Xowaph the pandemonium lord
133928 | Zig:13   | Killed Viliapse the pandemonium lord
133983 | Zig:13   | Killed Icui the pandemonium lord
134125 | Zig:14   | Entered Level 14 of a ziggurat
134372 | Zig:15   | Entered Level 15 of a ziggurat
134414 | Zig:15   | Cast into level 5 of the Abyss (a distortion unwield)
134414 | Abyss:5  | Entered Level 5 of the Abyss
134581 | Abyss:5  | Found a corrupted altar of Lugonu.
134950 | Abyss:5  | Paralysed by accursed screaming for 1 turns
134951 | Abyss:5  | Got a crude silver ring
134960 | Abyss:5  | Paralysed by accursed screaming for 2 turns
134994 | Abyss:5  | Identified the ring of the Priest {+Blink +Fly rC+ rN+ Dex-4} (You found it on level 5 of the Abyss)
135243 | Abyss:5  | Paralysed by accursed screaming for 1 turns
135618 | Zig:15   | Escaped the Abyss
135658 | Zig:15   | Cast into level 5 of the Abyss (a distortion unwield)
135658 | Abyss:5  | Entered Level 5 of the Abyss
136138 | Zig:15   | Escaped the Abyss
136356 | Zig:15   | Identified Sif Muna's Catalogue of Earthen Displacement
136365 | Zig:15   | Got a pair of spiked boots
136377 | Zig:15   | Identified the +4 pair of boots of Springtime {Int+3} (You acquired it on level 15 of a ziggurat)
136397 | Zig:15   | Identified the ring of Myvel {-Tele rPois rF++ rC- rN+} (You found it on level 15 of a ziggurat)
136434 | Zig:16   | Entered Level 16 of a ziggurat
136443 | Zig:16   | Noticed a juggernaut
136462 | Zig:16   | Killed a juggernaut
136477 | Zig:16   | Noticed a juggernaut
136477 | Zig:16   | Noticed a juggernaut
136493 | Zig:16   | Killed a juggernaut
136650 | Zig:16   | Killed a juggernaut
136791 | Zig:17   | Entered Level 17 of a ziggurat
137017 | Zig:17   | Identified the ring "Luibale" {-Tele rPois rC+ rN+ MP+9} (You found it on level 17 of a ziggurat)
137023 | Zig:17   | Identified the Reference Book on the Snowflakes and Hexes
137044 | Zig:18   | Entered Level 18 of a ziggurat
137087 | Zig:18   | Noticed Colugul the pandemonium lord
137124 | Zig:19   | Entered Level 19 of a ziggurat
137138 | Zig:19   | Noticed a juggernaut
137143 | Zig:19   | Noticed a juggernaut
137154 | Zig:19   | Killed a juggernaut
137156 | Zig:19   | Noticed a juggernaut
137157 | Zig:19   | Noticed a juggernaut
137158 | Zig:19   | Noticed a juggernaut
137167 | Zig:19   | Noticed a juggernaut
137169 | Zig:19   | Noticed a juggernaut
137171 | Zig:19   | Noticed a juggernaut
137184 | Zig:19   | Killed a juggernaut
137254 | Zig:19   | Killed a juggernaut
137292 | Zig:19   | Killed a juggernaut
137298 | Zig:19   | Killed a juggernaut
137325 | Zig:19   | Killed a juggernaut
137328 | Zig:19   | Killed a juggernaut
137347 | Zig:19   | Killed a juggernaut
137510 | Zig:19   | Got a flickering copper ring
137511 | Zig:19   | Identified the ring of Unoefio {rCorr rF- rC- Str+9 Stlth+} (You found it on level 19 of a ziggurat)
137513 | Zig:19   | Identified the ring "Cipoam" {rF+ rN+} (You found it on level 19 of a ziggurat)
137590 | Zig:20   | Entered Level 20 of a ziggurat
137606 | Zig:20   | Noticed a juggernaut
137617 | Zig:20   | Noticed a juggernaut
137625 | Zig:20   | Noticed a juggernaut
137627 | Zig:20   | Killed a juggernaut
137665 | Zig:20   | Noticed a juggernaut
137679 | Zig:20   | Killed a juggernaut
137713 | Zig:20   | Killed a juggernaut
137726 | Zig:20   | Killed a juggernaut
137871 | Zig:20   | Identified the Guide on Mutagenic Translocation
137882 | Zig:20   | Identified the amulet of Vuduelie {Harm *Drain SInv} (You found it on level 20 of a ziggurat)
137886 | Zig:21   | Entered Level 21 of a ziggurat
137908 | Zig:21   | Noticed a greater mummy
137930 | Zig:21   | Noticed a greater mummy
137941 | Zig:21   | Noticed a greater mummy
137941 | Zig:21   | Noticed a greater mummy
137942 | Zig:21   | Noticed a greater mummy
137944 | Zig:21   | Noticed a greater mummy
137945 | Zig:21   | Noticed a greater mummy
137945 | Zig:21   | Noticed a greater mummy
137945 | Zig:21   | Killed a greater mummy
137949 | Zig:21   | Noticed a greater mummy
137951 | Zig:21   | Noticed a greater mummy
137961 | Zig:21   | Noticed a greater mummy
137961 | Zig:21   | Noticed a greater mummy
137961 | Zig:21   | Noticed a greater mummy
138038 | Zig:21   | Killed a greater mummy
138038 | Zig:21   | Killed a greater mummy
138042 | Zig:21   | Killed a greater mummy
138070 | Zig:21   | Killed a greater mummy
138082 | Zig:21   | Cast into level 5 of the Abyss (a distortion unwield)
138082 | Abyss:5  | Entered Level 5 of the Abyss
138478 | Abyss:5  | Paralysed by accursed screaming for 2 turns
138489 | Abyss:5  | Paralysed by accursed screaming for 2 turns
138498 | Abyss:5  | Paralysed by accursed screaming for 1 turns
138711 | Zig:21   | Escaped the Abyss
138738 | Zig:21   | Killed a greater mummy
138750 | Zig:21   | Killed a greater mummy
138752 | Zig:21   | Killed a greater mummy
138773 | Zig:21   | Killed a greater mummy
138775 | Zig:21   | Killed a greater mummy
138776 | Zig:21   | Killed a greater mummy
138778 | Zig:21   | Killed a greater mummy
138778 | Zig:21   | Reached skill level 27 in Necromancy
138782 | Zig:21   | Killed a greater mummy
139140 | Zig:22   | Entered Level 22 of a ziggurat
139585 | Zig:22   | Reached skill level 15 in Stealth
139723 | Zig:22   | Lost mutation: You possess an exceptional clarity of mind. [potion of mutation]
139723 | Zig:22   | Lost mutation: You passively map a small area around you. [potion of mutation]
139723 | Zig:22   | Lost mutation: Potions are less effective at restoring your health. [potion of mutation]
139723 | Zig:22   | Gained mutation: Your flesh is heat resistant. (rF+) [potion of mutation]
139723 | Zig:22   | Gained mutation: Your mind is acute. (Int +2) [potion of mutation]
139723 | Zig:22   | Gained mutation: You expend magic power (3 MP) to strengthen your wands. [potion of mutation]
139723 | Zig:22   | Gained mutation: You are robust. (+10% HP) [potion of mutation]
139737 | Zig:23   | Entered Level 23 of a ziggurat
139767 | Zig:23   | Lost mutation: Your flesh is heat resistant. (rF+) [potion of mutation]
139767 | Zig:23   | Lost mutation: You expend magic power (3 MP) to strengthen your wands. [potion of mutation]
139767 | Zig:23   | Lost mutation: You are robust. (+10% HP) [potion of mutation]
139767 | Zig:23   | Lost mutation: Your mind is acute. (Int +2) [potion of mutation]
139767 | Zig:23   | Gained mutation: You have large cloven feet. [potion of mutation]
139767 | Zig:23   | Gained mutation: Your flesh is heat resistant. (rF+) [potion of mutation]
139767 | Zig:23   | Gained mutation: Your spells are a little easier to cast, but a little less powerful. [potion of mutation]
139767 | Zig:23   | Gained mutation: You have a pair of small horns on your head. [potion of mutation]
140203 | Zig:23   | Lost mutation: Your flesh is heat resistant. (rF+) [potion of mutation]
140203 | Zig:23   | Lost mutation: You have a pair of small horns on your head. [potion of mutation]
140203 | Zig:23   | Lost mutation: Your spells are a little easier to cast, but a little less powerful. [potion of mutation]
140203 | Zig:23   | Lost mutation: You have large cloven feet. [potion of mutation]
140203 | Zig:23   | Gained mutation: Your spells are a little harder to cast, but a little more powerful. [potion of mutation]
140203 | Zig:23   | Gained mutation: You are robust. (+10% HP) [potion of mutation]
140367 | Zig:24   | Entered Level 24 of a ziggurat
140381 | Zig:24   | Noticed Kopt the pandemonium lord
140383 | Zig:24   | Noticed Bink the pandemonium lord
140384 | Zig:24   | Noticed Yzaenokh the pandemonium lord
140385 | Zig:24   | Noticed Nunacen the pandemonium lord
140385 | Zig:24   | Noticed Weulidgh the pandemonium lord
140386 | Zig:24   | Noticed Voucuto the pandemonium lord
140387 | Zig:24   | Noticed Guimyoj the pandemonium lord
140387 | Zig:24   | Noticed Udovuenophi the pandemonium lord
140393 | Zig:24   | Noticed Xucvesar the pandemonium lord
140396 | Zig:24   | Noticed Rozus the pandemonium lord
140396 | Zig:24   | Noticed Ceicw the pandemonium lord
140397 | Zig:24   | Noticed Amny the pandemonium lord
140397 | Zig:24   | Noticed Xaut Siheo the pandemonium lord
140397 | Zig:24   | Noticed Taton the pandemonium lord
140397 | Zig:24   | Noticed Zonykkacs the pandemonium lord
140397 | Zig:24   | Noticed Pycaimm the pandemonium lord
140397 | Zig:24   | Noticed Iseodwasm the pandemonium lord
140401 | Zig:24   | Got a slimy scarf
140412 | Zig:25   | Entered Level 25 of a ziggurat
140427 | Zig:25   | Noticed Nofeloaq the pandemonium lord
140428 | Zig:25   | Noticed Pigreewo the pandemonium lord
140429 | Zig:25   | Noticed Bicvarph the pandemonium lord
140430 | Zig:25   | Noticed Betteask the pandemonium lord
140431 | Zig:25   | Noticed Ykhluegh the pandemonium lord
140432 | Zig:25   | Noticed Qoroaxzo the pandemonium lord
140432 | Zig:25   | Noticed Tetihul the pandemonium lord
140434 | Zig:25   | Noticed Cuqamm the pandemonium lord
140435 | Zig:25   | Noticed Adimn the pandemonium lord
140435 | Zig:25   | Noticed Gauthoso the pandemonium lord
140436 | Zig:25   | Noticed Epru the pandemonium lord
140437 | Zig:25   | Noticed Xufyff the pandemonium lord
140437 | Zig:25   | Noticed Rofuonau the pandemonium lord
140438 | Zig:25   | Noticed Ruxuluma the pandemonium lord
140438 | Zig:25   | Noticed Fietazxe the pandemonium lord
140438 | Zig:25   | Noticed Nuec the pandemonium lord
140439 | Zig:25   | Noticed Toty the pandemonium lord
140440 | Zig:25   | Noticed Muluetum the pandemonium lord
140444 | Zig:25   | Identified the Collected Works on Evil Fire
140454 | Zig:25   | Killed Nuec the pandemonium lord
140459 | Zig:26   | Entered Level 26 of a ziggurat
140461 | Zig:26   | Got a transparent helmet
140462 | Zig:26   | Identified the +0 helmet "Sisoutse" {+Blink rCorr} (You acquired it on level 26 of a ziggurat)
140688 | Zig:26   | HP: 6/218 [Hell Sentinel (28)]
140703 | Zig:26   | Gained mutation: You are clumsy. (Dex -2) [a cacodemon]
140712 | Zig:26   | Gained mutation: You are somewhat resistant to further mutation. [a cacodemon]
140714 | Zig:26   | Gained mutation: You are very clumsy. (Dex -4) [a cacodemon]
140718 | Zig:26   | Cast into level 5 of the Abyss (a distortion unwield)
140718 | Abyss:5  | Entered Level 5 of the Abyss
140718 | Abyss:5  | Found a corrupted altar of Lugonu.
140726 | Abyss:5  | Found a shimmering altar of Xom.
140727 | Abyss:5  | Found a shimmering altar of Xom.
140727 | Abyss:5  | Found a shimmering altar of Xom.
140727 | Abyss:5  | Found a shimmering altar of Xom.
140747 | Abyss:5  | Gained mutation: You are weak. (Str -2) [mutagenic glow]
141225 | Zig:26   | Escaped the Abyss
141226 | Zig:26   | Noticed Refuryri the pandemonium lord
141239 | Zig:26   | Got a pair of distressingly furry gloves
141247 | Zig:27   | Entered Level 27 of a ziggurat
141812 | Zig:27   | Identified the ring of Cuthocw {+Fly rC++ Str-3 Dex+4} (You found it on level 27 of a ziggurat)
141815 | Zig:27   | Identified the +1 pair of gloves of the Bagpipe {rElec rPois rF++ Slay-6} (You found it on level 26 of a ziggurat)
141817 | Zig:27   | Identified the cursed scarf of Sovereignty {Stlth+} (You found it on level 24 of a ziggurat)
141820 | Zig:27   | Got a crude copper ring
141821 | Zig:27   | Identified the ring "Tery" {rPois rC+ MR+ Dex+3} (You found it on level 27 of a ziggurat)
141831 | Zig:27   | Got a steaming ivory ring
141833 | Zig:27   | Identified the ring "Urhoepuc" {rF+ MR+ Str+4 Dex+4 SInv} (You found it on level 27 of a ziggurat)
141834 | Zig:27   | Identified the ring "Kunwaad" {rElec rPois rF+} (You found it on level 27 of a ziggurat)
142149 | Hell     | Quit the game

Skill      XL: |  1  2  3  4  5  6  7  8  9 10 11 12 13 14 15 16 17 18 19 20 21 22 23 24 25 26 27 |
---------------+----------------------------------------------------------------------------------+-----
Conjurations   | 2 3 4 5 |  5.3
Fire Magic     | 1 2 3 |  3.6
Air Magic      | 1 2 3 5 6 8 10 11 | 11.0
Poison Magic   | 1 2 |  2.2
Fighting       | 3 6 11 14 15 17 18 19 20 21 22 23 24 27 | 27.0
Spellcasting   | 5 8 9 10 11 13 15 16 17 18 27 | 27.0
Armour         | 5 8 9 12 14 16 17 18 19 20 21 22 27 | 27.0
Axes           | 3 |  3.1
Translocations | 2 4 8 |  8.0
Evocations     | 2 9 |  9.0
Dodging        | 2 4 7 9 10 11 18 | 18.8
Summonings     | 2 4 |  4.7
Hexes          | 2 5 7 |  7.1
Short Blades   | 11 13 14 | 14.1
Shields        | 4 14 | 14.9
Charms         | 8 9 25 | 25.2
Necromancy     | 4 27 | 27.0
Stealth        | 5 17 | 17.3
Maces & Flails | 19 | 19.0
Transmutations | 24 | 24.2

Action                   |  1- 3 |  4- 6 |  7- 9 | 10-12 | 13-15 | 16-18 | 19-21 | 22-24 | 25-27 || total
-------------------------+-------+-------+-------+-------+-------+-------+-------+-------+-------++-------
Melee: Unarmed           |     9 |       |       |       |       |       |       |       |       ||     9
       Dagger            |       |    35 |       |       |       |       |       |       |       ||    35
       Falchion          |       |    59 |    40 |       |       |       |       |       |       ||    99
       War axe           |       |       |   234 |   389 |   655 |  1329 |   218 |       |       ||  2825
       Scythe            |       |       |    39 |    56 |       |       |       |       |       ||    95
       Hand axe          |       |       |       |     5 |       |       |       |       |       ||     5
       Halberd           |       |       |       |     6 |   237 |    54 |       |       |       ||   297
       Cutlass           |       |       |       |       |       |   134 |  2008 |  2960 | 12805 || 17907
       Demon whip        |       |       |       |       |       |       |       |       | 11957 || 11957
       Sacred scourge    |       |       |       |       |       |       |       |       |  1720 ||  1720
       Headbutt          |       |       |       |       |       |       |       |       |  1572 ||  1572
       Rapier            |       |       |       |       |       |       |       |       |    33 ||    33
       Staff             |       |       |       |       |       |       |       |       |     4 ||     4
 Fire: Blowgun           |       |       |       |       |       |     2 |       |       |     5 ||     7
 Cast: Magic Dart        |    42 |    50 |    33 |    16 |     1 |     8 |       |       |     1 ||   151
       Mephitic Cloud    |       |    15 |    10 |    17 |    69 |    41 |    22 |    15 |    10 ||   199
       Conjure Flame     |       |     1 |     4 |    49 |    41 |    11 |    31 |     6 |    17 ||   160
       Blink             |       |       |       |    18 |     7 |     8 |       |     1 |   102 ||   136
       Throw Flame       |       |       |       |       |       |    47 |       |       |       ||    47
       Inner Flame       |       |       |       |       |       |     1 |       |       |       ||     1
       Spectral Weapon   |       |       |       |       |       |       |       |    47 |   526 ||   573
       Song of Slaying   |       |       |       |       |       |       |       |    22 |   191 ||   213
       Ignite Poison     |       |       |       |       |       |       |       |     1 |     7 ||     8
       Regeneration      |       |       |       |       |       |       |       |    12 |   483 ||   495
       Summon Butterflie |       |       |       |       |       |       |       |     4 |    12 ||    16
       Silence           |       |       |       |       |       |       |       |       |    29 ||    29
       Necromutation     |       |       |       |       |       |       |       |       |   226 ||   226
       Deflect Missiles  |       |       |       |       |       |       |       |       |    62 ||    62
       Dispel Undead     |       |       |       |       |       |       |       |       |    12 ||    12
       Swiftness         |       |       |       |       |       |       |       |       |     6 ||     6
       Death's Door      |       |       |       |       |       |       |       |       |     5 ||     5
       Portal Projectile |       |       |       |       |       |       |       |       |     1 ||     1
Invok: Call Merchant     |       |       |       |     3 |     2 |     1 |     1 |     5 |    16 ||    28
       Potion Petition   |       |       |       |       |       |       |       |       |     8 ||     8
 Abil: Evoke Berserk Rag |       |     2 |       |       |       |       |     1 |       |       ||     3
       Fly               |       |       |       |       |       |     1 |       |       |       ||     1
       End Transformatio |       |       |       |       |       |       |       |       |    26 ||    26
       Evoke Blink       |       |       |       |       |       |       |       |       |     2 ||     2
Evoke: Wand              |       |       |       |     5 |     1 |    23 |    11 |     6 |   104 ||   150
       Sack of spiders   |       |       |       |       |       |     4 |       |       |     2 ||     6
       Lightning rod     |       |       |       |       |       |       |       |       |     4 ||     4
       Box of beasts     |       |       |       |       |       |       |       |       |     3 ||     3
       Figurine of a zig |       |       |       |       |       |       |       |       |     1 ||     1
       Phantom mirror    |       |       |       |       |       |       |       |       |     1 ||     1
  Use: Scroll            |       |     1 |     3 |    13 |    10 |    11 |    15 |     7 |   152 ||   212
       Potion            |       |       |       |       |     1 |       |       |     1 |    77 ||    79
 Stab: Confused          |       |     6 |     1 |     5 |    37 |    14 |    10 |     9 |     8 ||    90
       Distracted        |       |       |     2 |     4 |     3 |    10 |     7 |    12 |   321 ||   359
       Petrified         |       |       |       |       |       |     5 |       |       |       ||     5
       Invisible         |       |       |       |       |       |       |       |       |     3 ||     3
  Eat: Chunk             |       |    10 |       |       |       |       |       |       |       ||    10
       Bread ration      |       |       |     2 |       |       |     2 |     3 |       |    28 ||    35
       Royal jelly       |       |       |     3 |     9 |     2 |     3 |     6 |     4 |    25 ||    52
       Meat ration       |       |       |       |     1 |     2 |     1 |     1 |     4 |    16 ||    25
       Fruit             |       |       |       |       |    17 |    19 |     9 |    24 |    33 ||   102
Armor: Robe              |    12 |     9 |       |       |       |       |       |       |       ||    21
       Leather armour    |       |    29 |   146 |    34 |       |       |       |       |       ||   209
       Ring mail         |       |       |       |   275 |   521 |       |       |       |       ||   796
       Skin              |       |       |       |     2 |       |       |       |       |       ||     2
       Crystal plate arm |       |       |       |       |       |  2797 |   912 |   978 | 15144 || 19831
Dodge: Dodged            |    21 |    69 |   173 |   249 |   481 |   654 |   313 |   416 | 10432 || 12808
       Deflected         |       |       |       |       |       |       |       |       |   530 ||   530
Block: Other             |       |       |       |       |       |   584 |    53 |       |       ||   637
       Reflection        |       |       |       |       |       |     5 |    34 |    40 |   133 ||   212
       Buckler           |       |       |       |       |       |       |   486 |   909 |  9061 || 10456
       Shield            |       |       |       |       |       |       |       |       |   154 ||   154
       Rpst.: Falchion   |       |    16 |     7 |       |       |       |       |       |       ||    23
